Workbook

Sheet Listado de Actividades
B3: CORPORACION AUTONOMA REGIONAL DE CALDAS, CORPOCALDAS
B5: Grupo de Biodiversidad y ecosistemas
B7: LISTADO DE COSTOS PARA RESTAURACIÓN DE MICROCUENCAS
B9: ACTIVIDADES, AÑO 2019 proyeccion
B11: ACTIVIDAD | C11: UNIDA | D11: vr unit | E11: Con Admon
B12: Restauración
B13: Revegetalizacion (Reforestación) | C13: HA | D13: ='COSTOS Revegetalizacion'!F32 -> 3733355
B14: Restauración ISLAS | C14: HA | D14: ='COSTOS RESTAURACION ISLAS '!F34 -> 5117708.3
B15: Agroforestería
B16: Agroforestería con caucho | C16: HA | D16: ='COSTOS agroforest caucho'!F34 -> 5394492
B17: Agroforestería con cacao | C17: HA | D17: ='COSTOS agroforest cacao'!F34 -> 7462484.6
B18: Agroforestería con Frutales | C18: HA | D18: ='COSTOS agrofor Urbanos'!F34 -> 4621642.7
B19: Mantenimiento Agroforestales | C19: HA | D19: ='Mtto Agroforestales'!F27 -> 1297298.8
B20: Mantenimiento Plantaciones POR UN AÑO (3 Intervenciones Piloto)
B21: Intervención Uno | C21: HA | D21: ='Mtto Plantaciones UN AÑO Piloto'!F29 -> 1622019
B22: Intervención Dos | C22: HA | D22: ='Mtto Plantaciones UN AÑO Piloto'!F61 -> 1267925.5
B23: Intervención Tres | C23: HA | D23: ='Mtto Plantaciones UN AÑO Piloto'!F89 -> 974607.5
B24: Aislamiento
B25: Aislamiento Madera 4 caras | C25: Km | D25: ='COSTOSaisla Madera 4 caras'!E32 -> 11793348
B26: Aislamiento Madera 3 caras o rollisa | C26: Km | D26: ='COSTOSaisla Rollisa o 3 caras'!E32 -> 7939929.8
B27: Aislamiento en guadua | C27: Km | D27: 6522003
B28: Cercas Vivas
B29: Cerca Viva Con Estacas | C29: Km | D29: ='CERCA VIVA Estacas'!F28 -> 2458849
B30: Cerca viva e inerte (Madera 4 caras) | C30: Km | D30: ='CERCA VIVA E INERTE'!E13 -> 14252197
B31: Cerca viva e inerte (Madera 3 caras) | C31: Km | D31: ='CERCA VIVA E INERTE'!E23 -> 10398779
B32: Cerca viva e inerte (Con guadua) | C32: Km | D32: ='CERCA VIVA E INERTE'!E33 -> 8980852
B33: Mantenimiento de Cerca Inerte
B34: Mantenimiento Cerca Inerte (Madera 4 caras) | C34: Km | D34: ='MTO CERCA VARIOS ESTACONES'!O71 -> 5791202.3
B35: Mantenimiento Cerca Inerte (Madera 3 caras) | C35: Km | D35: ='MTO CERCA VARIOS ESTACONES'!O34 -> 3787548.2
B36: Mantenimiento Cerca Inerte (Con guadua) | C36: KM | D36: ='MTO CERCA VARIOS ESTACONES'!F34 -> 3129386
B37: Talleres
B38: Taller Tipo Conferencia Zona Urbana (20 personas) | C38: Global | D38: ='COSTO talleres'!N26 -> 753666
B39: Taller Zona Rural (20 personas) | C39: Global | D39: ='COSTO talleres'!F60 -> 470265
B40: Taller Zona Rural dificil acceso. (16 personas) | C40: Global | D40: ='COSTO talleres'!N28 -> 753666
B41: Bioingenieria
B42: Trinchos en guadua | C42: M2 | D42: =BIOINGENIERIA!F18 -> 39221
B43: Barreras Vivas | C43: Ml | D43: =BIOINGENIERIA!E23 -> 12000
B44: Bebederos
B45: Bebederos Plásticos (250 litros) | C45: Global | D45: ='BEBEDERO PLASTICO'!F26 -> 412250
B46: Otras Actividades
B47: Estufas Ecoeficientes | C47: Estufa | D47: ='ESTUFA EFICIENTE TIPO HUELLA'!F33 -> 1398090
B48: Promotor Ambiental 2017 | C48: Mes
B49: TOTAL
B53: CORPOCALDAS
B54: MUNICIPIO
B55: TOTAL

Sheet Resumen
A3: LISTADO DE COSTOS PARA RESTAURACIÓN DE MICROCUENCAS
B5: ACTIVIDADES AÑO 2020 - Proyección PACORA Y NEIRA Caldas.
G6: Aportes
B7: ACTIVIDAD | C7: UNIDA | D7: Vr Unitario | E7: Cantidad | F7: Total | G7: Corpocaldas (Efectivo)
B8: COMPONENTE A
B9: Aislamiento
B10: Aislamiento en Guadua (4km Neira y 1,1 en Pacora) | C10: Km | D10: ='Listado de Actividades'!D27 -> 6522003 | E10: 5.1 | F10: =ROUND(D10*E10,0) -> 33262215 | G10: =F10 -> 33262215
B11: Cerca Viva
B12: Cerca viva con estacas. (Neira) | C12: Km | D12: ='Listado de Actividades'!D29 -> 2458849 | E12: 1.1 | F12: =ROUND(E12*D12,0) -> 2704734 | G12: =F12 -> 2704734
B13: Subtotal
B14: Subtotal Componente A | F14: =SUM(F9:F13) -> 35966949 | G14: =SUM(G10:G13) -> 35966949 | H14: =SUM(H8:H13) -> 0
B15: Administración | C15: % | E15: 16.742734 | F15: =ROUND($F$14*$E$15/100,0) -> 6021851 | G15: =ROUND($G$14*$E$15/100,0) -> 6021851 | H15: =ROUND($H$14*$E$15/100,0) -> 0
B16: Imprevistos | C16: % | E16: 1 | F16: =ROUND($F$14*$E$16/100,0) -> 359669 | G16: =ROUND($G$14*$E$16/100,0) -> 359669 | H16: =ROUND($H$14*$E$16/100,0) -> 0
B17: Utilidades | C17: % | E17: 5 | F17: =ROUND($F$14*$E$17/100,0) -> 1798347 | G17: =ROUND($G$14*$E$17/100,0) -> 1798347 | H17: =ROUND($H$14*$E$17/100,0) -> 0
B18: IVA sobre la Utilidad | C18: % | E18: 19 | F18: =ROUND($F$17*$E$18/100,0) -> 341686 | G18: =F18 -> 341686
B19: Subtotal AIU Componente A | E19: =SUM(E15:E17) -> 22.742734 | F19: =SUM(F15:F18) -> 8521553 | G19: =SUM(G15:G18) -> 8521553 | H19: =SUM(H15:H18) -> 0
B21: TOTAL COMPONENTE A | F21: =+F14+F19 -> 44488502 | G21: =+G14+G19 -> 44488502 | H21: =+H14+H19 -> 0
B22: COMPONENTE B
B23: Acompañamiento Tecnico
B24: Subtotal
B25: Subtotal Componente B | H25: =F25 -> 0
B28: TOTAL COMPONENTE B | F28: =F25+F26 -> 0 | G28: =+G25+G26 -> 0 | H28: =+H25+H26 -> 0
B30: Total contrato ANTES DE IVA | F30: =F21-F18 -> 44146816 | G30: =G21-G18 -> 44146816 | H30: =+H21+H28 -> 0
B32: VALOR CONTRATO | F32: =F21 -> 44488502 | G32: =G21 -> 44488502
B35: Aportes Contrato | D35: Valor Ficha | F35: Desembolsos | G35: VALOR
B36: Corpocaldas Efectivo | C36: =F32 -> 44488502 | D36: =ROUND(C36*1.004,0) -> 44666456 | F36: 1ro | G36: =ROUND(C36*0.3,0) -> 13346551
F37: 2do | G37: =ROUND(C36*0.4,0) -> 17795401
B38: TOTAL | C38: =SUM(C36:C37) -> 44488502 | D38: Valor Convenio | F38: 3ro | G38: =ROUND(C36*0.2,0) -> 8897700
F39: 4to | G39: =ROUND(C36*0.1,0) -> 4448850
D40: 4Xmil | E40: =D36-C36 -> 177954
G42: Fuente | H42: 44488502
B45: FICHA PRESUPUESTAL 273

Sheet Mano de Obra (JORNAL)
A2: CÁLCULOS PARA MANO DE OBRA
A4: GRUPO DE BIODIVERSIDAD Y ECOSISTEMAS
C5: DOTACION LABORAL
A6: AÑOS | B6: 2019 | C6: Guantes | D6: 6800
A7: SMLMV: | B7: 828116 | C7: Botas | D7: 18548
A8: SUBSIDIO TRANSPORTE | B8: 97032 | C8: Gafas | D8: 3000
A9: DIAS LABORALES MES | B9: 30 | C9: Chalecos Visibilidad | D9: 0
A10: HORAS LABORALES POR DIA | B10: 8 | C10: Cascos con barbuquejo | D10: 0
C11: TOTAL | D11: =SUM(D6:D10) -> 28348
A13: ANALISIS DE PRESTACIONES SOCIALES PERSONAL CON SALARIO INFERIOR A 2 SMMV, VALIDO PARA OFICIALES Y AYUDANTES | C13: COSTO TRABAJADOR MENSUAL
A14: SALARIO | B14: 1 | C14: =B7 -> 828116
A15: CESANTIAS | B15: 0.0833 | C15: =$C$14*B15 -> 68982.063
A16: VACACIONES | B16: 0.0417 | C16: =$C$14*B16 -> 34532.437
A17: PRIMA DE SERVICIOS | B17: 0.0833 | C17: =$C$14*B17 -> 68982.063
A18: INTERESES A LAS CESANTIAS | B18: 0.01 | C18: =$C$14*B18 -> 8281.16
A19: SUBSIDIO DE TRANSPORTE | B19: =B8/B7 -> 0.11717199 | C19: =B8 -> 97032
A20: APORTES SALUD | B20: 0.085 | C20: =$C$14*B20 -> 70389.86
A21: APORTES RIESGOS PROFESIONALES | B21: 0.0696 | C21: =$C$14*B21 -> 57636.874
A22: APORTES PENSION | B22: 0.12 | C22: =$C$14*B22 -> 99373.92
A23: APORTE SENA | B23: 0.02 | C23: =$C$14*B23 -> 16562.32
A24: APORTE ICBF | B24: 0.03 | C24: =$C$14*B24 -> 24843.48
A25: APORTE CCF | B25: 0.04 | C25: =$C$14*B25 -> 33124.64
A26: DOTACION DE LABOR | B26: =C26/C14 -> 0.0085579798 | C26: =D11/4 -> 7087
A28: TOTAL PRESTACIONES SOCIALES | B28: =SUM(B14:B26) -> 1.70863 | C28: =SUM(C14:D26) -> 1414943.8 | E28: =C28 -> 1414943.8 | G28: =ROUND(E28*1.19,0) -> 1683783
A30: DESCRIPCION DE MANO DE OBRA
B31: UN | C31: VR DIA | D31: FACTOR | E31: VR DIA INTEGRAL
A32: OBRERO CON PRESTACIONES | B32: DIA | C32: =(B7/B9)*1 -> 27603.867 | D32: =$B$28 -> 1.70863 | E32: =ROUND(C32*D32,0) -> 47165

Sheet COSTOSaisla Madera 4 caras
A2: CORPORACIÓN AUTONOMA REGIONAL DE CALDAS-CORPOCALDAS
A3: AISLAMIENTO CERCA INERTE
A4: 2019
A5: BASE DE CALCULO 1.000 METROS
A7: COSTO CERCA INERTE MADERA CUATRO CARAS
A8: DETALLE | B8: CANT/Ha | C8: UNIDAD | D8: VALOR/UNIT | E8: VALOR/PARCIAL | F8: %
A9: 1. COSTOS DIRECTOS
A10: 1.1 MANO DE OBRA
A11: TRAZO Y ROCERIA | B11: 3 | C11: SMLV | D11: ='Mano de Obra (JORNAL)'!E32 -> 47165 | E11: =ROUND(B11*D11,0) -> 141495
A12: AHOYADO | B12: 10 | C12: SMLV | D12: =D11 -> 47165 | E12: =ROUND(B12*D12,0) -> 471650
A13: HINCADO | B13: 6 | C13: SMLV | D13: =D12 -> 47165 | E13: =ROUND(B13*D13,0) -> 282990
A14: TEMPLADO Y GRAPADO | B14: 7 | C14: SMLV | D14: =D13 -> 47165 | E14: =ROUND(B14*D14,0) -> 330155
A15: TRANSPORTE (menor) | B15: 4 | C15: SMLV | D15: =D14 -> 47165 | E15: =ROUND(B15*D15,0) -> 188660
A16: PINTADA | B16: 5 | C16: SMLV | D16: =D15 -> 47165 | E16: =ROUND(B16*D16,0) -> 235825
A17: Subtotal mano de obra | B17: =SUM(B11:B16) -> 35 | E17: =SUM(E11:E16) -> 1650775
A19: 1.2 INSUMOS
A20: POSTES DE MADERA | B20: 433 | C20: POSTE | D20: 13000 | E20: =ROUND(B20*D20,0) -> 5629000
A21: ALAMBRE CALIBRE 14 | B21: 10 | C21: ROLLO | D21: 134961 | E21: =ROUND(B21*D21,0) -> 1349610
A22: PINTURA AMARILLA ESMALTE | B22: 6 | C22: GALON | D22: 68029 | E22: =ROUND(B22*D22,0) -> 408174
A23: IMPERMEABILIZANTE(TIPO VARETA) | B23: 7 | C23: GALON | D23: 32917 | E23: =ROUND(B23*D23,0) -> 230419
A24: DISOLVENTE PARA PINTURA E IMPERMEABILIZANTE | B24: 5 | C24: GALON | D24: 9000 | E24: =ROUND(B24*D24,0) -> 45000
A25: GRAPAS | B25: 7 | C25: KILO | D25: 9405 | E25: =ROUND(B25*D25,0) -> 65835
A26: PUNTILLAS DE 3 pulgadas | B26: 2 | C26: KILO | D26: 5225 | E26: =ROUND(B26*D26,0) -> 10450
A27: Subtotal insumos | E27: =SUM(E20:E26) -> 7738488
A28: 2 Costos Indirectos
A29: HERRAMIENTAS (5% MO) | B29: 0.05 | E29: =E17*B29 -> 82538.75
A30: TRANSPORTE INSUMOS | B30: 0.3 | E30: =E27*B30 -> 2321546.4
A31: Subtotal indirectos | E31: =SUM(E29:E30) -> 2404085.1
A32: TOTAL COSTOS | E32: =ROUND(E31+E27+E17,0) -> 11793348
E34: =ROUND(E32/1000,0) -> 11793 | F34: Metro lineal
E37: =E32*1.13 -> 13326483 | F37: Con Admon e imprevistos
F38: 0.13
A42: Observaciones: - Los postes deben ser cuatro caras punta de diamante provenientes de plantaciones forestales y que cuenten con permiso de aprovechamiento forestal. - Los postes deben estar impermeabilizados completamente con producto tipo Vareta. - El valor del transporte incluye: el transporte en vehículo automotor hasta 25 km de distancia del centro poblado, incluye el transporte No automotor y al hombro fuerte pendiente hasta una distancia de 5 kms de la carretera.
A44: ESPECIFICACIONES TECNICAS
A45: ESPECIFICACION | B45: UNIDAD | C45: CANTIDAD
A46: Postes cada 2.5 mts | B46: poste | C46: 400
A47: Pies de amigo cada 30 metros | B47: poste | C47: 33
A48: tres hilos de alambre calibre 14* | B48: rollo | C48: 10
A49: Hoyos de 0.5 m de profundidad por 0,4O x 0.4O m | B49: hoyos | C49: 433
A50: * Rollo de alambre de 350 metros
A52: NOTA
A53: La totalidad de los estacones deben estar debidamente anclados al piso, evitando su localización en bordes de taludes u otros sitios donde el estacón quede fuera de la superficie del suelo o por el aire.

Sheet Mtto Agroforestales
B2: MANTENIMIENTO AGROFORESTALES
B3: COSTO POR HECTAREA
B4: Densidad de siembra 550 árboles/ha (6X3 METROS)
B5: Pesos 2019
B6: DETALLE | C6: CANT/Ha | D6: UNIDAD | E6: VALOR/UNIT | F6: TOTAL/Ha | G6: % | H6: Observación
B7: 1. COSTOS DIRECTOS
B8: 1.1 MANO DE OBRA
B9: LIMPIA | C9: 4 | D9: SMLV | E9: ='Mano de Obra (JORNAL)'!E32 -> 47165 | F9: =C9*E9 -> 188660 | G9: =F9/F27 -> 0.14542525
B10: FERTILIZACION | C10: 3 | D10: SMLV | E10: =E9 -> 47165 | F10: =C10*E10 -> 141495 | G10: =F10/F27 -> 0.10906894
B11: PODA | C11: 5 | D11: SMLV | E11: =E10 -> 47165 | F11: =C11*E11 -> 235825 | G11: =+F11/F27 -> 0.18178157
B12: CONTROL FITOSANITARIO | C12: 2 | D12: SMLV | E12: =E9 -> 47165 | F12: =C12*E12 -> 94330 | G12: =F12/F27 -> 0.072712627
B13: RESIEMBRA | C13: 1 | D13: SMLV | E13: =E9 -> 47165 | F13: =C13*E13 -> 47165 | G13: =F13/F27 -> 0.036356313
B14: SUBTOTAL MO | C14: =SUM(C9:C13) -> 15 | F14: =SUM(F9:F13) -> 707475 | G14: =F14/F27 -> 0.5453447
B15: 1.2 INSUMOS
B16: PLANTULAS. RESIEMBRA 10% | C16: =550*0.1 -> 55 | D16: PLANTULA | E16: ='COSTOS agroforest caucho'!E22 -> 4500 | F16: =E16*C16 -> 247500 | G16: =F16/F27 -> 0.19078104
B17: FERTILIZANTE (Elementos Mayores) | C17: =550*50/1000 -> 27.5 | D17: Kgr | E17: 1600 | F17: =C17*E17 -> 44000 | G17: =F17/F27 -> 0.033916629 | H17: Dosis 50gr/planta
B18: INSUMO BIOLOGICO | C18: 3 | D18: LBS | E18: 45000 | F18: =C18*E18 -> 135000 | G18: =F18/F27 -> 0.10406238
B19: SUBTOTAL INSUMOS | F19: =SUM(F16:F18) -> 426500 | G19: =F19/F27 -> 0.32876005
B20: SUBTOTAL DIRECTOS | F20: =F14+F19 -> 1133975 | G20: =F20/F27 -> 0.87410475
B22: 2. COSTOS INDIRECTOS
B23: HERRAMIENTAS (5%MO) | F23: =F14*0.05 -> 35373.75 | G23: =F23/F27 -> 0.027267235
B24: TRANSPORTE INSUMOS (30%COSTO INSUMOS) | F24: =F19*0.3 -> 127950 | G24: =F24/F27 -> 0.098628015
B25: SUBTOTAL INDIRECTOS | F25: =SUM(F23:F24) -> 163323.75 | G25: =F25/F27 -> 0.12589525
B27: COSTO TOTAL MANTENIMIENTO | F27: =F14+F19+F25 -> 1297298.8 | G27: =G20+G25 -> 1
F29: =ROUND(F27/550,0) -> 2359 | G29: Arbol Mtto
B33: OBSERVACIÓN: - Se realizará el mantenimiento de 550 árboles por hectarea. - Se contempla el 10% de plantulas para resiembra por mortalidad. - Los árboles para resembrar tendrán las mismas características de los que se utilizan para el establecimiento de agroforestería. - Se debe utilizar un fertilizante compuesto de acuerdo a las necesidades específicas de la planta. La dosis recomendada es de 50 grs por planta. - El valor del transporte incluye: el transporte en vehículo automotor hasta 25 km de distancia del centro poblado, incluye el transporte No automotor y al hombro fuerte pendiente hasta una distancia de 5 kms de la carretera. | F33: =F27*1.13 -> 1465947.6 | G33: Con Admon e imprevistos
G34: 0.13

Sheet BEBEDERO PLASTICO
B3: CORPORACIÓN AUTONOMA REGIONAL DE CALDAS-CORPOCALDAS
B5: CORPOCALDAS
B6: ESTABLECIMIENTO DE BEBEDEROS SUSTITUTOS
B7: DATOS DE MERCADO 30/03/2017
B9: PESOS 2019
B10: DETALLE | C10: CANT/Ha | D10: UNIDAD | E10: VALOR/UNIT | F10: TOTAL/Ha | G10: %
B11: 1. COSTOS DIRECTOS
B12: 1.1 MANO DE OBRA
B13: Instalación de Unidad ( Bebedero + Manguera) | C13: 1 | D13: GLOBAL | E13: 80000 | F13: =C13*E13 -> 80000 | G13: =F13/F26 -> 0.194057
B14: SUBTOTAL MO | C14: =SUM(C13:C13) -> 1 | F14: =SUM(F13:F13) -> 80000 | G14: =F14/F26 -> 0.194057
B15: 1.2 INSUMOS
B16: BEBEDERO SUSTITUTO DE 250 LTS, removible, flotador y acoples | C16: 1 | D16: unid | E16: 198350 | F16: =C16*E16 -> 198350 | G16: =F16/F26 -> 0.48114008 | I16: 190350 | J16: Almacen del café Manzanares 2017
B17: Manguera para bebedero | C17: 1 | D17: Rollo (100 mts) | E17: 64250 | F17: =C17*E17 -> 64250 | G17: =F17/F26 -> 0.15585203 | I17: 59250 | J17: Marca Rotoplast
B18: SUBTOTAL INSUMOS | F18: =SUM(F16:F17) -> 262600 | G18: =F18/F26 -> 0.63699212
B19: SUBTOTAL DIRECTOS | F19: =F14+F18 -> 342600 | G19: =F19/F26 -> 0.83104912
B20: 2. COSTOS INDIRECTOS
B21: Herramientas | C21: 0.05 | F21: =F14*C21 -> 4000
B22: TRANSPORTE INSUMOS | C22: 0.3 | F22: =F18*0.25 -> 65650 | G22: =F22/F26 -> 0.15924803
B24: SUBTOTAL INDIRECTOS | F24: =SUM(F21:F22) -> 69650 | G24: =F24/F26 -> 0.16895088
B26: COSTO TOTAL INSTALACION BEBERDERO | F26: =ROUND(F19+F24,0) -> 412250 | G26: =G14+G18+G24 -> 1
F28: =F26 -> 412250 | G28: Bebedero Instalado
B30: Nota: Valores suministrados por Almacen del Café. Distribuidor de bebederos.
G35: Con 4 X mil

Sheet COSTOS Revegetalizacion
B1: CORPORACIÓN AUTONOMA REGIONAL DE CALDAS-CORPOCALDAS
B2: ESTABLECIMIENTO PLANTACION FORESTAL PROTECTORA
B3: COSTO POR HECTAREA
B4: Densidad de siembra 555 árboles/ha (6 X 3 metros; surcos cada 6 metros)
B6: Pesos 2019
B7: DETALLE | C7: CANT/Ha | D7: UNIDAD | E7: VALOR/UNIT | F7: TOTAL/Ha | G7: % | H7: % | J7: Datos jornles anteriores | O7: Observación
B8: 1. COSTOS DIRECTOS | P8: Cant jornal anterior
B9: 1.1 MANO DE OBRA | M9: m2/ha | N9: distancia 6x3
B10: ROCERIA ALTA para adecuación | C10: 5 | D10: Jornal | E10: ='Mano de Obra (JORNAL)'!E32 -> 47165 | F10: =C10*E10 -> 235825 | G10: =#REF!/#REF!*100 -> #REF! | H10: =F10/F32 -> 0.063167044 | J10: 5 | M10: 10000 | N10: 18 | P10: 5
B11: TRAZO | C11: 1 | D11: Jornal | E11: =E10 -> 47165 | F11: =C11*E11 -> 47165 | G11: =#REF!/#REF!*100 -> #REF! | H11: =F11/F32 -> 0.012633409 | J11: 3 | P11: 3
B12: AHOYADO | C12: 6 | D12: Jornal | E12: =E10 -> 47165 | F12: =C12*E12 -> 282990 | G12: =#REF!/#REF!*100 -> #REF! | H12: =F12/F32 -> 0.075800453 | J12: 7 | N12: =M10/N10 -> 555.55556 | P12: 5
B13: PLATEO. | C13: 3 | D13: Jornal | E13: =E10 -> 47165 | F13: =C13*E13 -> 141495 | G13: =#REF!/#REF!*100 -> #REF! | H13: =F13/F32 -> 0.037900226 | J13: 5 | P13: 3
B14: FERTILIZACION | C14: 1 | D14: Jornal | E14: =E10 -> 47165 | F14: =C14*E14 -> 47165 | G14: =#REF!/#REF!*100 -> #REF! | H14: =F14/F32 -> 0.012633409 | J14: 2 | P14: 3
B15: SIEMBRA | C15: 6 | D15: Jornal | E15: =E10 -> 47165 | F15: =C15*E15 -> 282990 | G15: =#REF!/#REF!*100 -> #REF! | H15: =F15/F32 -> 0.075800453 | J15: 6 | P15: 8
B16: RESIEMBRA | C16: 2 | D16: Jornal | E16: =E10 -> 47165 | F16: =C16*E16 -> 94330 | G16: =#REF!/#REF!*100 -> #REF! | H16: =F16/F32 -> 0.025266818 | J16: 2 | P16: 2
B17: TRANSPORTE (menor) | C17: 4 | D17: Jornal | E17: =E10 -> 47165 | F17: =C17*E17 -> 188660 | G17: =#REF!/#REF!*100 -> #REF! | H17: =F17/F32 -> 0.050533635 | J17: 3 | P17: 4
B18: CONTROL FITOSANITARIO | C18: 1 | D18: Jornal | E18: =E10 -> 47165 | F18: =C18*E18 -> 47165 | G18: =#REF!/#REF!*100 -> #REF! | H18: =F18/F32 -> 0.012633409 | J18: 3 | P18: 2
B19: SUBTOTAL MO | C19: =SUM(C10:C18) -> 29 | F19: =SUM(F10:F18) -> 1367785 | G19: =#REF!/#REF!*100 -> #REF! | H19: =F19/F32 -> 0.36636886 | J19: 6 | K19: LIMPIA | P19: =SUM(P10:P18) -> 35
B20: 1.2 INSUMOS | G20: =#REF!/#REF!*100 -> #REF!
B21: PLANTULAS (incluye 10% pérdidas) | C21: 610 | D21: PLANTULA | E21: 2500 | F21: =C21*E21 -> 1525000 | G21: =#REF!/#REF!*100 -> #REF! | H21: =F21/F32 -> 0.40847977 | J21: =SUM(J10:J20) -> 42 | K21: TOTAL
B22: FERTILIZANTE COMPUESTO (50 GR /Plantula) | C22: =C21*50/1000 -> 30.5 | D22: KGR | E22: 1600 | F22: =C22*E22 -> 48800 | G22: =#REF!/#REF!*100 -> #REF! | H22: =F22/F32 -> 0.013071353 | M22: 150 | O22: 50 grs por planta
B23: CONTROLADOR ORGANICO DE PLAGAS | C23: 2 | D23: KGR | E23: 51200 | F23: =C23*E23 -> 102400 | H23: =F23/F32 -> 0.027428412
B24: CONTROLADOR DE ARVENSES | C24: 2 | D24: LTS | E24: 16700 | F24: =C24*E24 -> 33400 | H24: =F24/F34 -> 0.0089463767
B25: CAL DOLOMITA | C25: =300*C21/1000 -> 183 | D25: KGR | E25: 314 | F25: =C25*E25 -> 57462 | G25: =#REF!/#REF!*100 -> #REF! | H25: =F25/F32 -> 0.015391518 | M25: 9 | O25: 300 grs por planta
B26: SUBTOTAL INSUMOS | F26: =SUM(F21:F25) -> 1767062 | G26: =#REF!/#REF!*100 -> #REF! | H26: =F26/F32 -> 0.47331743
B27: SUBTOTAL DIRECTOS | F27: =F19+F26 -> 3134847 | H27: =F27/F32 -> 0.83968629
B28: 2. COSTOS INDIRECTOS | G28: =#REF!/#REF!*100 -> #REF!
B29: HERRAMIENTAS (5% MO) | F29: =F19*0.05 -> 68389.25 | G29: =#REF!/#REF!*100 -> #REF! | H29: =F29/F32 -> 0.018318443 | K29: 50 | L29: =K29*K30 -> 800
B30: TRANSPORTE GENERAL DE LOS INSUMOS (30%COSTO INSUMOS) | F30: =F26*0.3 -> 530118.6 | G30: =#REF!/#REF!*100 -> #REF! | H30: =F30/F32 -> 0.14199523 | K30: 16 | L30: plantulas por bloque
B31: SUBTOTAL INDIRECTOS | F31: =SUM(F29:F30) -> 598507.85 | G31: =#REF!/#REF!*100 -> #REF! | H31: =F31/F32 -> 0.16031367 | K31: 100 | L31: bloques por ha
B32: COSTO TOTAL ESTABLECIMIENTO | F32: =ROUND(F27+F31,0) -> 3733355 | H32: =H27+H31 -> 0.99999996 | K32: 1760 | L32: 1640 | M32: =K32*L32 -> 2886400
F33: 0
C34: VR UNITARIO POR HA | F34: =ROUND(SUM(F32:F33),0) -> 3733355
D38: ARBOL
D39: =F34/C21 -> 6120.2541
Q40: ARBOL
Q41: 6337.7592
B42: OBSERVACIÓN: - Se establecerán 555 árboles en surcos cada 6 metros y a una distancia de 3 metros entre árbol. No se deben realizar rocerías completas; unicamente se debe realizar la rocería en los surcos a intervenir. - Se deben establecer minimo cinco especies por hectarea, de las cuales minimo una especie debe ser frutal. Las especies deben ser acordes a las condiciones climaticas de la zona y a la presencia de las mismas en el paisaje. - Los árboles a sembrar tendrán una altura de 0,40. Bien lignificados la bolsa de siembra es de minimo 1 kilo, plántulas vigorosas y sin problemas fitosanitarios. - Se debe utilizar Cal deshidratada (Dolomita) para la siembra (aplicar en el hoyo), a razón de 300 gramos por planta. - Despues de 45 a 60 días de la siembra se debe realizar una limpia o plateo para fertilizar la totalidad de los árboles. - Se debe utilizar un fertilizante compuesto con elementos menores, los cuales son escenciales en la primera etapa de crecimiento de la planta. La dosis recomendada es de 50 grs por planta. - El valor del transporte incluye: el transporte en vehículo automotor hasta 25 km de distancia del centro poblado, incluye el transporte No automotor y al hombro fuerte pendiente hasta una distancia de 5 kms de la carretera. | H42: 0.13

Sheet COSTOS aisla Guadua
A2: CORPORACIÓN AUTONOMA REGIONAL DE CALDAS-CORPOCALDAS
A3: AISLAMIENTO CERCA INERTE
A4: 2019
A5: BASE DE CALCULO 1.000 METROS
A7: COSTO CERCA INERTE EN GUADUA
A8: DETALLE | B8: CANT/Ha | C8: UNIDAD | D8: VALOR/UNIT | E8: VALOR/PARCIAL | F8: %
A9: 1. MANO DE OBRA
A10: TRAZO Y ROCERÍA | B10: 3 | C10: SMLV | D10: ='Mano de Obra (JORNAL)'!E32 -> 47165 | E10: =ROUND(B10*D10,0) -> 141495 | F10: =E10/E30 -> 0.021695022
A11: AHOYADO | B11: 10 | C11: SMLV | D11: =D10 -> 47165 | E11: =ROUND(B11*D11,0) -> 471650 | F11: =E11/E30 -> 0.072316741
A12: HINCADO | B12: 6 | C12: SMLV | D12: =D11 -> 47165 | E12: =ROUND(B12*D12,0) -> 282990 | F12: =E12/E30 -> 0.043390044
A13: TEMPLADO Y GRAPADO | B13: 7 | C13: SMLV | D13: =D12 -> 47165 | E13: =ROUND(B13*D13,0) -> 330155 | F13: =E13/E30 -> 0.050621719
A14: TRANSPORTE (menor) | B14: 4 | C14: SMLV | D14: =D13 -> 47165 | E14: =ROUND(B14*D14,0) -> 188660 | F14: =E14/E30 -> 0.028926696
A15: PINTADA | B15: 5 | C15: SMLV | D15: =D14 -> 47165 | E15: =ROUND(B15*D15,0) -> 235825 | F15: =E15/E30 -> 0.03615837
A16: Subtotal mano de obra | B16: =SUM(B10:B15) -> 35 | E16: =SUM(E10:E15) -> 1650775 | F16: =SUM(F10:F15) -> 0.25310859
A17: 1.2 INSUMOS | G17: P. ANTERIOR
A18: POSTES DE GUADUA | B18: 433 | C18: POSTE | D18: 3800 | E18: =ROUND(B18*D18,0) -> 1645400 | F18: =E18/E30 -> 0.25228446 | G18: 3500
A19: ALAMBRE CALIBRE 14 | B19: 10 | C19: ROLLO | D19: 140359 | E19: =ROUND(B19*D19,0) -> 1403590 | F19: =E19/E30 -> 0.21520843 | G19: 134961
A20: PINTURA AMARILLA ESMALTE | B20: 6 | C20: GALON | D20: 70750 | E20: =ROUND(B20*D20,0) -> 424500 | F20: =E20/E30 -> 0.065087367 | G20: 68029
A21: IMPERMEABILIZANTE(TIPO VARETA) | B21: 3 | C21: GALON | D21: 34234 | E21: =ROUND(B21*D21,0) -> 102702 | F21: =E21/E30 -> 0.015747003 | G21: 32917
A22: DISOLVENTE PARA PINTURA E IMPERMEABILIZANTE | B22: 3 | C22: GALON | D22: 9360 | E22: =D22*B22 -> 28080 | F22: =E22/E30 -> 0.0043054258 | G22: 9000
A23: GRAPAS | B23: 7 | C23: KILO | D23: 9781 | E23: =ROUND(B23*D23,0) -> 68467 | F23: =E23/E30 -> 0.010497849 | G23: 9405
A24: PUNTILLAS DE 3 PULGADAS | B24: 2 | C24: KILO | D24: 5434 | E24: =ROUND(B24*D24,0) -> 10868 | F24: =E24/E30 -> 0.0016663592 | G24: 5225
A25: Subtotal insumos | E25: =SUM(E18:E24) -> 3683607 | F25: =SUM(F18:F24) -> 0.56479689
A26: 2 Costos Indirectos
A27: TRANSPORTE INSUMOS | B27: 0.3 | E27: =E25*B27 -> 1105082.1 | F27: =E27/E30 -> 0.16943907
A28: HERRAMIENTAS | B28: 0.05 | E28: =E16*B28 -> 82538.75 | F28: =E28/E30 -> 0.01265543
A29: Subtotal costos indirectos | E29: =SUM(E27:E28) -> 1187620.8 | F29: =SUM(F27:F28) -> 0.1820945
A30: TOTAL COSTOS | E30: =ROUND(E16+E25+E29,0) -> 6522003 | F30: =F16+F25+F29 -> 0.99999998
E31: =E30 -> 6522003
E35: =E30/1000 -> 6522.003 | F35: Metro lineal
A40: Observaciones: - Los postes de guadua deben ser de cepa, basa y sobrebasa y que cuenten con permiso de aprovechamiento forestal. - Los postes deben tener un mínimo de 10 cms de diámetro y 2 metros de longitud. - El estacón de guadua debe tener en su parte superior un corte recto y a ras del entrenudo para evitar el empocillamiento de guadua. - El valor del transporte incluye: el transporte en vehículo automotor hasta 25 km de distancia del centro poblado, incluye el transporte No automotor y al hombro fuerte pendiente hasta una distancia de 5 kms de la carretera.
A43: ESPECIFICACIONES TECNICAS
A44: ESPECIFICACION | B44: UNIDAD | C44: CANTIDAD
A45: Postes cada 2.5 mts | B45: poste | C45: 400
A46: Pies de amigo cada 30 metros | B46: poste | C46: 33
A47: Tres hilos de alambre calibre 14* | B47: rollo | C47: 10
A48: Hoyos de 0.5 m de profundidad por 0,4O x 0.4O m | B48: hoyos | C48: 433
A49: * Rollo de 350 metros

Sheet Mtto Plantaciones UN AÑO Piloto
B1: CORPORACIÓN AUTONOMA REGIONAL DE CALDAS-CORPOCALDAS
B2: AÑO 2019
B3: CORPOCALDAS
B5: MANTENIMIENTO PLANTACIONES PROTECTORAS
B6: COSTO POR HECTAREA INTERVENCION 1
B9: DETALLE | C9: CANT/Ha | D9: UNIDAD | E9: VALOR/UNIT | F9: TOTAL/Ha | G9: % | H9: Observación
B10: 1. COSTOS DIRECTOS
B11: 1.1 MANO DE OBRA
B12: PLATEO | C12: 5 | D12: SMLV | E12: ='Mano de Obra (JORNAL)'!E32 -> 47165 | F12: =C12*E12 -> 235825 | G12: =F12/F29 -> 0.14538979
B13: FERTILIZACION | C13: 3 | D13: SMLV | E13: =E12 -> 47165 | F13: =C13*E13 -> 141495 | G13: =F13/F29 -> 0.087233873
B14: RESIEMBRA | C14: 2 | D14: SMLV | E14: =E12 -> 47165 | F14: =C14*E14 -> 94330 | G14: =F14/F29 -> 0.058155916
B15: CONTROL FITOSANITARIO | C15: 2 | D15: SMLV | E15: =E12 -> 47165 | F15: =C15*E15 -> 94330 | G15: =F15/F29 -> 0.058155916
B16: UNA LIMPIA | C16: 6 | D16: SMLV | E16: =E12 -> 47165 | F16: =C16*E16 -> 282990 | G16: =F16/F29 -> 0.17446775
B17: SUBTOTAL MO | C17: =SUM(C12:C16) -> 18 | F17: =SUM(F12:F16) -> 848970 | G17: =F17/F29 -> 0.52340324
B18: 1.2 INSUMOS
B19: PLANTULAS. RESIEMBRA 30% | C19: 165 | D19: PLANTULA | E19: 2500 | F19: =C19*E19 -> 412500 | G19: =F19/F29 -> 0.25431268
B20: FERTILIZANTE (Elementos Mayores) | C20: 17 | D20: Kgr | E20: 3500 | F20: =C20*E20 -> 59500 | G20: =F20/F29 -> 0.036682678 | H20: Dosis 30gr/planta
B21: INSUMO BIOLOGICO. (Foliar) | C21: 2 | D21: LBS | E21: 45000 | F21: =C21*E21 -> 90000 | G21: =F21/F29 -> 0.055486403
B22: SUBTOTAL INSUMOS | F22: =SUM(F19:F21) -> 562000 | G22: =F22/F29 -> 0.34648176
B23: SUBTOTAL DIRECTOS | F23: =F17+F22 -> 1410970 | G23: =F23/F29 -> 0.869885
B24: 2. COSTOS INDIRECTOS
B25: HERRAMIENTAS (5%MO) | F25: =F17*0.05 -> 42448.5 | G25: =F25/F29 -> 0.026170162
B26: TRANSPORTE INSUMOS (30%COSTO INSUMOS) | F26: =F22*0.3 -> 168600 | G26: =F26/F29 -> 0.10394453
B27: SUBTOTAL INDIRECTOS | F27: =SUM(F25:F26) -> 211048.5 | G27: =F27/F29 -> 0.13011469
B29: COSTO TOTAL MANTENIMIENTO INTERVENCIÓN 1. | F29: =ROUND(F17+F22+F27,0) -> 1622019 | G29: =G23+G27 -> 0.99999969
F30: =F29 -> 1622019
J33: AI 13% | K33: Con 4 Por mil | L33: 4.8
F34: =ROUND(F29/550,0) -> 2949 | G34: Arbol Mtto Uno | J34: =ROUND(F29*1.13,0) -> 1832881 | K34: =ROUND(J34*1.004,0) -> 1840213 | L34: =ROUND(J34*4.8,0) -> 8797829
B36: MANTENIMIENTO PLANTACIONES PROTECTORAS | L36: =ROUND(L34*1.004,0) -> 8833020
B37: COSTO POR HECTAREA INTERVENCIÓN 2
B39: Pesos 2019
B40: DETALLE | C40: CANT/Ha | D40: UNIDAD | E40: VALOR/UNIT | F40: TOTAL/Ha | G40: % | H40: Observación
B41: 1. COSTOS DIRECTOS
B42: 1.1 MANO DE OBRA
B43: PLATEO | C43: 4 | D43: SMLV | E43: =E12 -> 47165 | F43: =C43*E43 -> 188660 | G43: =F43/F61 -> 0.14879423
B44: FERTILIZACION | C44: 3 | D44: SMLV | E44: =E12 -> 47165 | F44: =C44*E44 -> 141495 | G44: =F44/F61 -> 0.11159567
B45: CONTROL FITOSANITARIO | C45: 2 | D45: SMLV | E45: =E12 -> 47165 | F45: =C45*E45 -> 94330 | G45: =F45/F61 -> 0.074397116
B46: RESIEMBRA | C46: 2 | D46: SMLV | E46: =E43 -> 47165 | F46: =E46*C46 -> 94330 | G46: =F46/F61 -> 0.074397116
B47: UNA LIMPIA | C47: 3 | D47: SMLV | E47: =E12 -> 47165 | F47: =C47*E47 -> 141495 | G47: =F47/F61 -> 0.11159567
B48: SUBTOTAL MO | C48: =SUM(C43:C47) -> 14 | F48: =SUM(F43:F47) -> 660310 | G48: =F48/F61 -> 0.52077981
B49: 1.2 INSUMOS
B50: PLANTULAS. RESIEMBRA 20% | C50: =550*0.2 -> 110 | D50: PLANTULA | E50: =E19 -> 2500 | F50: =E50*C50 -> 275000
B51: FERTILIZANTE (Elementos Mayores) | C51: 22 | D51: Kgr | E51: =E20 -> 3500 | F51: =C51*E51 -> 77000 | G51: =F51/F61 -> 0.06072912 | H51: Dosis 40gr/planta
B52: INSUMO BIOLOGICO. (Foliar) | C52: 2 | D52: LBS | E52: 45000 | F52: =C52*E52 -> 90000 | G52: =F52/F61 -> 0.070982088
B53: SUBTOTAL INSUMOS | F53: =SUM(F50:F52) -> 442000 | G53: =F53/F61 -> 0.34860092
B54: SUBTOTAL DIRECTOS | F54: =F48+F53 -> 1102310 | G54: =F54/F61 -> 0.86938073
B56: 2. COSTOS INDIRECTOS
B57: HERRAMIENTAS (5%MO) | F57: =F48*0.05 -> 33015.5 | G57: =F57/F61 -> 0.02603899
B58: TRANSPORTE INSUMOS (30%COSTO INSUMOS) | F58: =F53*0.3 -> 132600 | G58: =F58/F61 -> 0.10458028
B59: SUBTOTAL INDIRECTOS | F59: =SUM(F57:F58) -> 165615.5 | G59: =F59/F61 -> 0.13061927
B61: COSTO TOTAL MANTENIMIENTO INTERVENCION 2 | F61: =F48+F53+F59 -> 1267925.5 | G61: =G54+G59 -> 1
F63: =F61/550 -> 2305.3191 | G63: Arbol Mtto Dos
B65: MANTENIMIENTO PLANTACIONES PROTECTORAS
B66: COSTO POR HECTAREA INTERVENCIÓN 3
B68: Pesos 2019
B69: DETALLE | C69: CANT/Ha | D69: UNIDAD | E69: VALOR/UNIT | F69: TOTAL/Ha | G69: % | H69: Observación
B70: 1. COSTOS DIRECTOS
B71: 1.1 MANO DE OBRA
B72: PLATEO | C72: 4 | D72: SMLV | E72: =E12 -> 47165 | F72: =C72*E72 -> 188660 | G72: =F72/F89 -> 0.19357536
B73: FERTILIZACION | C73: 3 | D73: SMLV | E73: =E13 -> 47165 | F73: =C73*E73 -> 141495 | G73: =F73/F89 -> 0.14518152
B74: CONTROL FITOSANITARIO | C74: 2 | D74: SMLV | E74: =E14 -> 47165 | F74: =C74*E74 -> 94330 | G74: =F74/F89 -> 0.096787681
B75: RESIEMBRA | C75: 1 | D75: SMLV | E75: =E15 -> 47165 | F75: =C75*E75 -> 47165 | G75: =F75/F89 -> 0.048393841
B76: SUBTOTAL MO | C76: =SUM(C72:C75) -> 10 | F76: =SUM(F72:F75) -> 471650 | G76: =F76/F89 -> 0.48393841
B77: 1.2 INSUMOS
B78: PLANTULAS. RESIEMBRA 10% | C78: =550*0.1 -> 55 | D78: PLANTULA | E78: =E19 -> 2500 | F78: =E78*C78 -> 137500 | G78: =F78/F89 -> 0.14108244
B79: FERTILIZANTE (Elementos Mayores) | C79: =550*50/1000 -> 27.5 | D79: Kgr | E79: =E20 -> 3500 | F79: =C79*E79 -> 96250 | G79: =F79/F89 -> 0.098757705 | H79: Dosis 50gr/planta
B80: INSUMO BIOLOGICO | C80: 3 | D80: LBS | E80: 45000 | F80: =C80*E80 -> 135000 | G80: =F80/F89 -> 0.1385173
B81: SUBTOTAL INSUMOS | F81: =SUM(F78:F80) -> 368750 | G81: =F81/F89 -> 0.37835744
B82: SUBTOTAL DIRECTOS | F82: =F76+F81 -> 840400 | G82: =F82/F89 -> 0.86229585
B84: 2. COSTOS INDIRECTOS
B85: HERRAMIENTAS (5%MO) | F85: =F76*0.05 -> 23582.5 | G85: =F85/F89 -> 0.02419692
B86: TRANSPORTE INSUMOS (30%COSTO INSUMOS) | F86: =F81*0.3 -> 110625 | G86: =F86/F89 -> 0.11350723
B87: SUBTOTAL INDIRECTOS | F87: =SUM(F85:F86) -> 134207.5 | G87: =F87/F89 -> 0.13770415
B89: COSTO TOTAL MANTENIMIENTO INTRERVENCION 3 | F89: =F76+F81+F87 -> 974607.5 | G89: =G82+G87 -> 1
F91: =F89/550 -> 1772.0136 | G91: Arbol Mtto Tres
F94: VALOR POR HACTAREA
B95: TOTAL DE LAS 3 INTERVENCIONES | F95: =F89+F61+F29 -> 3864552
B98: OBSERVACIÓN: - Se realizará el mantenimiento de 550 árboles por hectarea. Teniendo en cuenta que se pueden presentar altos porcentajes de mortalidad se consideran tres resiembras que suman un 60% al final. - Estos cálculos se basaron en el proyecto piloto de mantenimiento que se llevo a cabo en el año 2017, sin embargo, sirven para seguir proyectando los mantenimientos a plantaciones protectoras de acuerdo al porcentaje de resiembras que se pretendan programar. - Los árboles para resembrar tendrán una altura que oscila entre 0.30 a 0,50 mts. Bien lignificados. La bolsa de siembra recomendada es de 2 kilos. Plántulas vigorosas y sin problemas fitosanitarios. - El valor del transporte incluye: el transporte en vehículo automotor hasta 25 km de distancia del centro poblado, incluye el transporte No automotor y al hombro fuerte pendiente hasta una distancia de 5 kms de la carretera. | F98: =F95/550 -> 7026.4582 | G98: Cada Arbol por los tres Mttos

Sheet CERCA VIVA Estacas
B1: CORPORACIÓN AUTONOMA REGIONAL DE CALDAS-CORPOCALDAS
B2: AÑO 2019
B3: ESTABLECIMIENTO DE CERCAS VIVAS
B4: COSTO POR KM
B5: Densidad de siembra 400 Estacas/Km (1 estaca entre estacones de la cerca inerte)
B8: COTOS CERCAS VIVAS CON ESTACAS
B9: DETALLE | C9: CANT/Ha | D9: UNIDAD | E9: VALOR/UNIT | F9: TOTAL/Ha
B10: 1. COSTOS DIRECTOS
B11: 1.1 MANO DE OBRA
B12: PLATEO Y AHOYADO | C12: 4 | D12: Jornal | E12: ='Mano de Obra (JORNAL)'!E32 -> 47165 | F12: =C12*E12 -> 188660
B13: FERTILIZACION | C13: 0 | D13: Jornal | E13: =E12 -> 47165 | F13: =C13*E13 -> 0
B14: SIEMBRA | C14: 4 | D14: Jornal | E14: =E13 -> 47165 | F14: =C14*E14 -> 188660
B15: RESIEMBRA | C15: 1 | D15: Jornal | E15: =E14 -> 47165 | F15: =C15*E15 -> 47165
B16: TRANSPORTE ESTACAS (menor) | C16: 6 | D16: Jornal | E16: =E15 -> 47165 | F16: =C16*E16 -> 282990
B17: CONTROL FITOSANITARIO | C17: 0 | D17: Jornal | E17: =E16 -> 47165 | F17: =C17*E17 -> 0
B18: SUBTOTAL MO | C18: =SUM(C12:C17) -> 15 | D18: Jornal | E18: =E17 -> 47165 | F18: =SUM(F12:F17) -> 707475
B19: 1.2 INSUMOS
B20: PLANTULAS (incluye 10% pérdidas) | C20: 440 | D20: ESTACAS | E20: 3000 | F20: =C20*E20 -> 1320000
B21: FERTILIZANTE ORGANICO (gallinaza compostada) | C21: 0 | D21: KGR | E21: 3500 | F21: =C21*E21 -> 0
B22: SUBTOTAL INSUMOS | F22: =SUM(F20:F21) -> 1320000
B23: SUBTOTAL DIRECTOS | F23: =F18+F22 -> 2027475
B24: 2. COSTOS INDIRECTOS
B25: HERRAMIENTAS (5% MO) | F25: =F18*0.05 -> 35373.75
B26: TRANSPORTE INSUMOS (30%COSTO INSUMOS) | F26: =F22*0.3 -> 396000
B27: SUBTOTAL INDIRECTOS | F27: =SUM(F25:F26) -> 431373.75
B28: COSTO TOTAL ESTABLECIMIENTO | F28: =ROUND(F23+F27,0) -> 2458849
F29: =F28 -> 2458849
D31: ARBOL | E31: =F28/C20 -> 5588.2932
E33: =E31*1.13 -> 6314.7713 | F33: Con Admon e imprevistos
F34: 0.13
B36: OBSERVACIÓN: - Las estacas a sembrar tendrán una altura de 1,20 metros con diametro del tallo de mínimo 5 cm de grosor. Se deben clavar de 30 a 40 cms de profundidad. Las estacas a utilizar mas recomendadas son Quiebrabarrigo, Matarraton, Lechudo, Sauce Lloron, entre otras. - El valor del transporte incluye: el transporte en vehículo automotor hasta 25 km de distancia del centro poblado, incluye el transporte No automotor y al hombro fuerte pendiente hasta una distancia de 5 kms de la carretera.

Sheet COSTO talleres
B2: CORPORACIÓN AUTONOMA REGIONAL DE CALDAS-CORPOCALDAS | J2: CORPORACIÓN AUTONOMA REGIONAL DE CALDAS-CORPOCALDAS
B4: COSTO DE TALLER EN ZONA URBANA TIPO CONFERENCIA | J4: TALLER EN ZONA RURAL (Zona Dificil acceso)
B5: Para 20 participantes | J5: Para 16 participantes- Zona Rural
B7: Pesos 2019 | J7: Pesos 2019
B8: DETALLE | C8: CANT | D8: UNIDAD | E8: VALOR/UNIT | F8: TOTAL/Ha | G8: % | J8: DETALLE | K8: CANT | L8: UNIDAD | M8: VALOR/UNIT | N8: TOTAL/Ha | O8: %
B9: 1. COSTOS DIRECTOS | J9: 1. COSTOS DIRECTOS
B10: 1.1 PERSONAL | J10: 1.1 PERSONAL
B11: Facilitador taller | C11: 1 | D11: Taller | E11: 120000 | F11: =C11*E11 -> 120000 | G11: =F11/F26 -> 0.15981568 | I11: =105000*1.045 -> 109725 | J11: Facilitador taller (incluye viaticos de un dìa) | K11: 1 | L11: Taller | M11: 196501 | N11: =K11*M11 -> 196501 | O11: =N11/N26 -> 0.2607269 | Q11: 60000
B12: Preparación del taller y logística | C12: 1 | D12: Taller | E12: ='Mano de Obra (JORNAL)'!E32 -> 47165 | F12: =C12*E12 -> 47165 | G12: =F12/F26 -> 0.062814221 | J12: Preparaciòn del taller y logistica | K12: 1 | L12: Taller | M12: =E12 -> 47165 | N12: =K12*M12 -> 47165 | O12: =N12/N26 -> 0.062580772 | Q12: 32000
B13: SUBTOTAL PERSONAL | C13: =SUM(C11:C12) -> 2 | F13: =SUM(F11:F12) -> 167165 | G13: =F13/F26 -> 0.2226299 | J13: SUBTOTAL PERSONAL | K13: =SUM(K11:K12) -> 2 | N13: =SUM(N11:N12) -> 243666 | O13: =N13/N26 -> 0.32330767 | Q13: =SUM(Q11:Q12) -> 92000 | R13: Viaticos
B14: 1.2 MATERIALES Y EQUIPOS | J14: 1.2 MATERIALES Y EQUIPOS | Q14: 104501 | R14: Salario Dia
B15: Alquiler de equipos | C15: 1 | D15: Unidad | E15: 110500 | F15: =C15*E15 -> 110500 | G15: =F15/F26 -> 0.1471636 | I15: 104500 | J15: Alquiler de equipos | K15: 1 | L15: Unidad | M15: 80000 | N15: =K15*M15 -> 80000 | O15: =N15/N26 -> 0.10614782 | Q15: =SUM(Q13:Q14) -> 196501
B16: Alimentacion asistentes | C16: 20 | D16: Refrigerio | E16: 4500 | F16: =C16*E16 -> 90000 | G16: =F16/F26 -> 0.11986176 | I16: =4000*1.045 -> 4180 | J16: Alimentacion asistentes | K16: 16 | L16: Refrigerio | M16: 4500 | N16: =K16*M16 -> 72000 | O16: =N16/N26 -> 0.095533035
B17: Materiales | C17: Global | D17: Global | E17: 66200 | F17: =E17 -> 66200 | G17: =F17/F26 -> 0.088164983 | I17: =60000*1.045 -> 62700 | J17: Materiales | K17: Global | L17: Global | M17: 40000 | N17: =M17 -> 40000 | O17: =N17/N26 -> 0.053073908
B18: Alquiler recinto/aula | C18: 1 | D18: Unidad | E18: 66200 | F18: =E18 -> 66200 | G18: =F18/F26 -> 0.088164983 | J18: Alquiler recinto/aula | K18: 1 | L18: Unidad | M18: 40000 | N18: =K18*M18 -> 40000 | O18: =N18/N26 -> 0.053073908
B19: SUBTOTAL INSUMOS | F19: =SUM(F15:F18) -> 332900 | G19: =F19/F26 -> 0.44335533 | I19: =62700*1.055 -> 66148.5 | J19: SUBTOTAL INSUMOS | N19: =SUM(N15:N18) -> 232000 | O19: =N19/N26 -> 0.30782867
B20: SUBTOTAL DIRECTOS | F20: =F13+F19 -> 500065 | G20: =F20/F26 -> 0.66598523 | J20: SUBTOTAL DIRECTOS | N20: =N13+N19 -> 475666 | O20: =N20/N26 -> 0.63113634
B21: 2. COSTOS INDIRECTOS | J21: 2. COSTOS INDIRECTOS
B22: 2.1 TRANSPORTE | J22: 2.1 TRANSPORTE
B23: Transporte talleristas | C23: 1 | D23: dia | E23: 140000 | F23: 146300 | G23: =F23/F26 -> 0.19484195 | I23: =140000*1.045 -> 146300 | J23: Transporte FACILITADOR | K23: 1 | L23: dia | M23: 150000 | N23: =K23*M23 -> 150000 | O23: =N23/N26 -> 0.19902716
B24: Auxilio transporte asistentes | C24: 20 | D24: tarifa | E24: 4000 | F24: 104500 | G24: =F24/F26 -> 0.13917282 | J24: Auxilio transporte asistentes | K24: 16 | L24: tarifa | M24: 8000 | N24: =K24*M24 -> 128000 | O24: =N24/N26 -> 0.16983651
B25: SUBTOTAL INDIRECTOS | F25: =F23+F24 -> 250800 | G25: =F25/F26 -> 0.33401477 | J25: SUBTOTAL INDIRECTOS | N25: =N23+N24 -> 278000 | O25: =N25/N26 -> 0.36886366
B26: COSTO TOTAL | F26: =F13+F19+F25 -> 750865 | G26: =G20+G25 -> 1 | J26: COSTO TOTAL | N26: =N13+N19+N25 -> 753666 | O26: =O20+O25 -> 1
I27: =I15*1.055 -> 110247.5
F28: =F26 -> 750865 | G28: Cada Taller | N28: =N26 -> 753666 | O28: Cada Taller
N30: =N28*1.13 -> 851642.58 | O30: Con Admon e imprevistos 13%
B31: Observaciones: - Los costos se ajustaràn conforme al numero de participantes y la duraciòn en horas de las sesiones del taller. - Este tipo de taller se proyecta en la zona urbana e incluye el transporte del conferencista desde Manizales a otro de los municipios del departamento. | J31: Observaciones: - Los costos se ajustaràn conforme al numero de participantes y la duraciòn en horas de las sesiones del taller. - Este tipo de taller se proyecta en las zonas rurales mas alejadas e incluye los viáticos del tallerista, además incluye un mayor costo del transporte para el tallerista desde el municipio hasta la vereda donde se llevará a cabo el taller. - Igualmente por el tema de la localización, es dificil contar con poblaciones numerosas, por lo tanto solo se calcula para 16 personas.
B34: CORPORACIÓN AUTONOMA REGIONAL DE CALDAS-CORPOCALDAS
B35: 2019
B36: COSTO DE TALLER ZONA RURAL
B37: Para 20 participantes
B40: DETALLE | C40: CANT | D40: UNIDAD | E40: VALOR/UNIT | F40: TOTAL | G40: %
B41: 1. COSTOS DIRECTOS
B42: 1.1 PERSONAL
B43: Facilitador taller | C43: 1 | D43: Taller | E43: 120000 | F43: =C43*E43 -> 120000 | G43: =F43/F56 -> 0.25517527 | I43: =105000*1.045 -> 109725
B44: Preparaciòn del taller y logistica | C44: 1 | D44: Taller | E44: ='Mano de Obra (JORNAL)'!E32 -> 47165 | F44: =C44*E44 -> 47165 | G44: =F44/F56 -> 0.10029451
B45: SUBTOTAL PERSONAL | C45: =SUM(C43:C44) -> 2 | F45: =SUM(F43:F44) -> 167165 | G45: =F45/F56 -> 0.35546979
B46: 1.2 MATERIALES Y EQUIPOS
B47: Alimentacion asistentes | C47: 20 | D47: Refrigerio | E47: 4500 | F47: =C47*E47 -> 90000 | G47: =F47/F56 -> 0.19138146 | I47: =4000*1.045 -> 4180
B48: Materiales | C48: Global | D48: Global | E48: 33100 | F48: =E48 -> 33100 | G48: =F48/F56 -> 0.070385846 | I48: =20000*1.045 -> 20900
B49: SUBTOTAL INSUMOS | F49: =SUM(F47:F48) -> 123100 | G49: =F49/F56 -> 0.2617673 | I49: =I48*1.055 -> 22049.5
B50: SUBTOTAL DIRECTOS | F50: =F45+F49 -> 290265 | G50: =F50/F56 -> 0.61723709
B51: 2. COSTOS INDIRECTOS
B52: 2.1 TRANSPORTE
B53: Transporte tallerista | C53: 1 | D53: dia | E53: 90000 | F53: =E53*C53 -> 90000 | G53: =F53/F56 -> 0.19138146 | I53: =80000*1.045 -> 83600
B54: Auxilio transporte asistentes | C54: 20 | D54: tarifa | E54: 4500 | F54: =C54*E54 -> 90000 | G54: =F54/F56 -> 0.19138146 | I54: =3000*1.045 -> 3135
B55: SUBTOTAL INDIRECTOS | F55: =F53+F54 -> 180000 | G55: =F55/F56 -> 0.38276291
B56: COSTO TOTAL | F56: =ROUND(F45+F49+F55,0) -> 470265 | G56: =G50+G55 -> 1
F57: =F56 -> 470265
I59: =I53*1.055 -> 88198
F60: =F56 -> 470265 | G60: Cada Taller
G62: Con Admon e imprevistos
G63: 0.13
B64: Observaciones: - Los costos se ajustaràn conforme al numero de participantes y la duraciòn en horas de las sesiones del taller. - Este tipo de taller se proyecta en la zona rural e incluye el transporte del tallerista desde el municipio hasta la vereda donde se llevará a cabo el taller.

Sheet Profesionales
A2: CÁLCULOS PARA PROFESIONAL UNIVERSITARIO | G2: CÁLCULOS PARA PROFESIONAL ESPECIALIZADO
A4: GRUPO DE BIODIVERSIDAD Y ECOSISTEMAS | G4: GRUPO DE BIODIVERSIDAD Y ECOSISTEMAS
C5: DOTACION LABORAL | I5: DOTACION LABORAL
A6: AÑO | B6: 2019 | C6: Guantes | G6: AÑO | H6: 2019 | I6: Guantes
A7: SALARIO PROFESIONAL GRADO 7 | B7: 2477825 | C7: Botas | G7: SALARIO PROFESIONAL GRADO 12 | H7: 3101867 | I7: Botas
A8: SUBSIDIO TRANSPORTE | B8: 300000 | C8: Gafas | G8: SUBSIDIO TRANSPORTE | H8: 0 | I8: Gafas
A9: DIAS LABORALES MES | B9: 30 | C9: Chaleco | D9: 40000 | G9: DIAS LABORALES MES | H9: 30 | I9: Chaleco | J9: 40000
A10: HORAS LABORALES POR DIA | B10: 8 | C10: Cascos con barbuquejo | D10: 0 | G10: HORAS LABORALES POR DIA | H10: 8 | I10: Cascos con barbuquejo | J10: 0
C11: TOTAL | D11: =SUM(D6:D10) -> 40000 | I11: TOTAL | J11: =SUM(J6:J10) -> 40000
A13: ANALISIS DE PRESTACIONES SOCIALES PERSONAL CON SALARIO INFERIOR A 2 SMMV, VALIDO PARA OFICIALES Y AYUDANTES | C13: COSTO TRABAJADOR MENSUAL | G13: ANALISIS DE PRESTACIONES SOCIALES PERSONAL CON SALARIO INFERIOR A 2 SMMV, VALIDO PARA OFICIALES Y AYUDANTES | I13: COSTO TRABAJADOR MENSUAL
A14: SALARIO | B14: 1 | C14: =B7 -> 2477825 | G14: SALARIO | H14: 1 | I14: =H7 -> 3101867
A15: CESANTIAS | B15: 0.0833 | C15: =$C$14*B15 -> 206402.82 | G15: CESANTIAS | H15: 0.0833 | I15: =$C$14*H15 -> 206402.82
A16: VACACIONES | B16: 0.0417 | C16: =$C$14*B16 -> 103325.3 | G16: VACACIONES | H16: 0.0417 | I16: =$C$14*H16 -> 103325.3
A17: PRIMA DE SERVICIOS | B17: 0.0833 | C17: =$C$14*B17 -> 206402.82 | G17: PRIMA DE SERVICIOS | H17: 0.0833 | I17: =$C$14*H17 -> 206402.82
A18: INTERESES A LAS CESANTIAS | B18: 0.01 | C18: =$C$14*B18 -> 24778.25 | G18: INTERESES A LAS CESANTIAS | H18: 0.01 | I18: =$C$14*H18 -> 24778.25
A19: SUBSIDIO DE TRANSPORTE | B19: =B8/B7 -> 0.12107393 | C19: =B8 -> 300000 | G19: SUBSIDIO DE TRANSPORTE | H19: =H8/H7 -> 0 | I19: =H8 -> 0
A20: APORTES SALUD | B20: 0.085 | C20: =$C$14*B20 -> 210615.13 | G20: APORTES SALUD | H20: 0.085 | I20: =$C$14*H20 -> 210615.13
A21: APORTES RIESGOS PROFESIONALES | B21: 0.0696 | C21: =$C$14*B21 -> 172456.62 | G21: APORTES RIESGOS PROFESIONALES | H21: 0.0696 | I21: =$C$14*H21 -> 172456.62
A22: APORTES PENSION | B22: 0.12 | C22: =$C$14*B22 -> 297339 | G22: APORTES PENSION | H22: 0.12 | I22: =$C$14*H22 -> 297339
A23: APORTE SENA | B23: 0.02 | C23: =$C$14*B23 -> 49556.5 | G23: APORTE SENA | H23: 0.02 | I23: =$C$14*H23 -> 49556.5
A24: APORTE ICBF | B24: 0.03 | C24: =$C$14*B24 -> 74334.75 | G24: APORTE ICBF | H24: 0.03 | I24: =$C$14*H24 -> 74334.75
A25: APORTE CCF | B25: 0.04 | C25: =$C$14*B25 -> 99113 | G25: APORTE CCF | H25: 0.04 | I25: =$C$14*H25 -> 99113
A26: DOTACION DE LABOR | B26: =C26/C14 -> 0.0053810634 | C26: =D11/3 -> 13333.333 | G26: DOTACION DE LABOR | H26: =I26/I14 -> 0.0042984865 | I26: =J11/3 -> 13333.333
A28: TOTAL PRESTACIONES SOCIALES | B28: =SUM(B14:B26) -> 1.709355 | C28: =ROUND(SUM(C14:D26),0) -> 4235483 | G28: TOTAL PRESTACIONES SOCIALES | H28: =SUM(H14:H26) -> 1.5871985 | I28: =ROUND(SUM(I14:J26),0) -> 4559525
A30: ASIGNACIÓN SALARIAL INTEGRAL | G30: ASIGNACIÓN SALARIAL INTEGRAL
B31: UN | D31: FACTOR | E31: VR MES INTEGRAL | H31: UN | J31: FACTOR | K31: VR MES INTEGRAL
A32: PROFESIONA CON PRESTACIONES | B32: MES | D32: =$B$28 -> 1.709355 | E32: =C28 -> 4235483 | G32: PROFESIONA CON PRESTACIONES | H32: MES | J32: =$B$28 -> 1.709355 | K32: =I28 -> 4559525

Sheet PROMOTOR AMBIENTAL
A2: CÁLCULOS PARA PROMOTOR AMBIENTAL
A4: GRUPO DE BIODIVERSIDAD Y ECOSISTEMAS
C5: DOTACION LABORAL
A6: AÑOS | B6: 2019 | C6: Guantes | D6: 6800
A7: SMLMV: | B7: ='Mano de Obra (JORNAL)'!B7 -> 828116 | C7: Botas | D7: 18548
A8: SUBSIDIO TRANSPORTE | B8: 250000 | C8: Gafas | D8: 6000
A9: DIAS LABORALES MES | B9: 20 | C9: Chaleco | D9: 40000
A10: HORAS LABORALES POR DIA | B10: 8 | C10: Gorra para sol | D10: 20000
C11: TOTAL | D11: =SUM(D6:D10) -> 91348
A13: ANALISIS DE PRESTACIONES SOCIALES PERSONAL CON SALARIO INFERIOR A 2 SMMV, VALIDO PARA OFICIALES Y AYUDANTES | C13: COSTO TRABAJADOR MENSUAL
A14: SALARIO | B14: 1 | C14: =B7 -> 828116
A15: CESANTIAS | B15: 0.0833 | C15: =$C$14*B15 -> 68982.063
A16: VACACIONES | B16: 0.0417 | C16: =$C$14*B16 -> 34532.437
A17: PRIMA DE SERVICIOS | B17: 0.0833 | C17: =$C$14*B17 -> 68982.063
A18: INTERESES A LAS CESANTIAS | B18: 0.01 | C18: =$C$14*B18 -> 8281.16
A19: SUBSIDIO DE TRANSPORTE | B19: =B8/B7 -> 0.30189007 | C19: =B8 -> 250000
A20: APORTES SALUD | B20: 0.085 | C20: =$C$14*B20 -> 70389.86
A21: APORTES RIESGOS PROFESIONALES | B21: 0.0696 | C21: =$C$14*B21 -> 57636.874
A22: APORTES PENSION | B22: 0.12 | C22: =$C$14*B22 -> 99373.92
A23: APORTE SENA | B23: 0.02 | C23: =$C$14*B23 -> 16562.32
A24: APORTE ICBF | B24: 0.03 | C24: =$C$14*B24 -> 24843.48
A25: APORTE CCF | B25: 0.04 | C25: =$C$14*B25 -> 33124.64
A26: DOTACION DE LABOR | B26: =C26/C14 -> 0.036769406 | C26: =D11/3 -> 30449.333
A28: TOTAL PRESTACIONES SOCIALES | B28: =SUM(B14:B26) -> 1.9215595 | C28: =ROUND(SUM(C14:D26),0) -> 1591274
B31: Pago Mensual | D31: =C28 -> 1591274
A34: Observaciones: La Función principal del promotor Ambiental del Año 2017 será diligenciar la Ficha de Campo suministrada por CORPOCALDAS en todos los ABACOS de acueductos veredales y de cabeceras urbanas, de los municipios donde se contraten, con el fin de alimentar la base de datos de microcuencas. La inducción para el diligenciamiento de la ficha de campo estará a cargo de CORPOCALDAS.

Sheet COSTOS agrofor Urbanos
B1: CORPORACIÓN AUTONOMA REGIONAL DE CALDAS-CORPOCALDAS
B3: ESTABLECIMIENTO AGROFORESTERIA ZONA URBANA
B4: COSTO POR HECTAREA
B5: Densidad de siembra 238 árboles/ha (6X7 METROS)
B6: Pesos 2019
B7: DETALLE | C7: CANT/Ha | D7: UNIDAD | E7: VALOR/UNIT | F7: TOTAL/Ha | G7: % | H7: %
B8: 1. COSTOS DIRECTOS
B9: 1.1 MANO DE OBRA | J9: Cantidad jornales anteriores
B11: TRAZO Y ROCERIA | C11: 2 | D11: Jornal | E11: ='Mano de Obra (JORNAL)'!E32 -> 47165 | F11: =C11*E11 -> 94330 | G11: =#REF!/#REF!*100 -> #REF! | H11: =F11/F34 -> 0.020410492 | J11: 3
B12: AHOYADO | C12: 3 | D12: Jornal | E12: =E11 -> 47165 | F12: =C12*E12 -> 141495 | G12: =#REF!/#REF!*100 -> #REF! | H12: =F12/F34 -> 0.030615738 | J12: 6
B13: PLATEO | C13: 2 | D13: Jornal | E13: =E11 -> 47165 | F13: =C13*E13 -> 94330 | G13: =#REF!/#REF!*100 -> #REF! | H13: =F13/F34 -> 0.020410492 | J13: 4
B14: FERTILIZACION | C14: 1 | D14: Jornal | E14: =E11 -> 47165 | F14: =C14*E14 -> 47165 | G14: =#REF!/#REF!*100 -> #REF! | H14: =F14/F34 -> 0.010205246 | J14: 2
B15: SIEMBRA | C15: 3 | D15: Jornal | E15: =E11 -> 47165 | F15: =C15*E15 -> 141495 | G15: =#REF!/#REF!*100 -> #REF! | H15: =F15/F34 -> 0.030615738 | J15: 5
B16: RESIEMBRA | C16: 1 | D16: Jornal | E16: =E11 -> 47165 | F16: =C16*E16 -> 47165 | G16: =#REF!/#REF!*100 -> #REF! | H16: =F16/F34 -> 0.010205246 | J16: 2
B17: TRANSPORTE PLANTULAS (menor) | C17: 3 | D17: Jornal | E17: =E11 -> 47165 | F17: =C17*E17 -> 141495 | G17: =#REF!/#REF!*100 -> #REF! | H17: =F17/F34 -> 0.030615738 | J17: 4
B18: CONTROL FITOSANITARIO | C18: 1 | D18: Jornal | E18: =E11 -> 47165 | F18: =C18*E18 -> 47165 | G18: =#REF!/#REF!*100 -> #REF! | H18: =F18/F34 -> 0.010205246 | J18: 2
B19: UNA LIMPIA O PLATEO (Primer mantenimiento para fertilizar) | C19: 4 | D19: Jornal | E19: =E11 -> 47165 | F19: =C19*E19 -> 188660 | G19: =#REF!/#REF!*100 -> #REF! | H19: =F19/F34 -> 0.040820984 | J19: 6
B20: SUBTOTAL MO | C20: =SUM(C10:C19) -> 20 | F20: =SUM(F10:F19) -> 943300 | G20: =#REF!/#REF!*100 -> #REF! | H20: =F20/F34 -> 0.20410492 | J20: =SUM(J9:J19) -> 34
B21: 1.2 INSUMOS | G21: =#REF!/#REF!*100 -> #REF!
B22: PLANTULAS (incluye 10% pérdidas) | C22: =238+24 -> 262 | D22: Arbol | E22: 10000 | F22: =C22*E22 -> 2620000 | G22: =#REF!/#REF!*100 -> #REF! | H22: =F22/F34 -> 0.566898
B23: FERTILIZANTE Compuesto (45 a 60 dias de sembrados) | C23: =C22*50/1000 -> 13.1 | D23: KGR | E23: 1600 | F23: =C23*E23 -> 20960 | G23: =#REF!/#REF!*100 -> #REF! | H23: =F23/F34 -> 0.004535184
B24: CAL DOLOMITA | C24: =200*C22/1000 -> 52.4 | D24: KGR | E24: 314 | F24: =C24*E24 -> 16453.6 | G24: =#REF!/#REF!*100 -> #REF! | H24: =F24/F34 -> 0.0035601195
B25: CONTROLADOR ORGANICO DE PLAGAS | C25: 2 | D25: KGR | E25: 51200 | F25: =C25*E25 -> 102400 | H25: =F25/F32 -> 0.11568934
B26: CONTROLADOR DE ARVENSES | C26: 2 | D26: LTS | E26: 16700 | F26: =C26*E26 -> 33400 | H26: =F26/F34 -> 0.0072268677
B27: SUBTOTAL INSUMOS | F27: =SUM(F22:F26) -> 2793213.6 | G27: =#REF!/#REF!*100 -> #REF! | H27: =F27/F34 -> 0.6043768
B28: SUBTOTAL DIRECTOS | F28: =F20+F27 -> 3736513.6 | H28: =F28/F34 -> 0.80848171
B29: 2. COSTOS INDIRECTOS | G29: =#REF!/#REF!*100 -> #REF!
B30: HERRAMIENTAS | C30: 0.05 | F30: =F20*C30 -> 47165 | G30: =#REF!/#REF!*100 -> #REF! | H30: =F30/F34 -> 0.010205246
B31: TRANSPORTE INSUMOS | C31: 0.3 | F31: =F27*C31 -> 837964.08 | H31: =F31/F34 -> 0.18131304
B32: SUBTOTAL INDIRECTOS | F32: =SUM(F30:F31) -> 885129.08 | G32: =#REF!/#REF!*100 -> #REF! | H32: =F32/F34 -> 0.19151829
B34: COSTO TOTAL ESTABLECIMIENTO Y PRIMER MANTENIMIENTO | F34: =F28+F32 -> 4621642.7 | H34: =H20+H27+H32 -> 1
F37: =F34/C22 -> 17639.858 | H37: VALOR POR ARBOL
B40: OBSERVACIÓN: - Se establecerán 238 árboles por hectárea, a una distancia de 6 X 7 metros entre árboles. Se contempla el 10% de plantulas para resiembra por mortalidad. - Se debe utilizar Cal deshidratada (Dolomita) para la siembra (aplicar en el hoyo), a razón de 200 gramos por planta. - Despues de 45 a 60 días de la siembra se debe realizar una limpia o plateo para fertilizar la totalidad de los árboles. - Se debe utilizar un fertilizante compuesto, con elementos menores, los cuales son escenciales en la primera etapa de crecimiento de la planta. La dosis recomendada es de 50 grs por planta. - El valor del transporte incluye: el transporte en vehículo automotor desde Palestina hasta el municipio de Neira, incluye el transporte No automotor y al hombro .

Sheet COSTOS RESTAURACION ISLAS 
B1: CORPORACIÓN AUTONOMA REGIONAL DE CALDAS-CORPOCALDAS
B3: ESTABLECIMIENTO PLANTACION FORESTAL PROTECTORA EN BLOQUES O ISLAS DE CONSERVACIÓN
B4: COSTO POR HECTAREA
B5: Densidad de siembra 800 árboles/ha (40 Bloques de 20 arboles a 2,5 X 2,5 mts)
B8: Pesos 2019
B9: DETALLE | C9: CANT/Ha | D9: UNIDAD | E9: VALOR/UNIT | F9: TOTAL/Ha | G9: % | H9: % | I9: Observción | K9: Cantidad jornles anteriores
B10: 1. COSTOS DIRECTOS
B11: 1.1 MANO DE OBRA | N11: m2/ha | O11: distancia 6x3
B12: ROCERIA ALTA para adecuación | C12: 5 | D12: Jornal | E12: ='Mano de Obra (JORNAL)'!E32 -> 47165 | F12: =C12*E12 -> 235825 | G12: =#REF!/#REF!*100 -> #REF! | H12: =F12/F34 -> 0.046080196 | K12: 5 | N12: 10000 | O12: 18
B13: TRAZO (40 bloques /Ha) | C13: 3 | D13: Jornal | E13: =E12 -> 47165 | F13: =C13*E13 -> 141495 | G13: =#REF!/#REF!*100 -> #REF! | H13: =F13/F34 -> 0.027648117 | K13: 3
B14: AHOYADO | C14: 8 | D14: Jornal | E14: =E12 -> 47165 | F14: =C14*E14 -> 377320 | G14: =#REF!/#REF!*100 -> #REF! | H14: =F14/F34 -> 0.073728313 | K14: 7 | O14: =N12/O12 -> 555.55556
B15: PLATEO | C15: 4 | D15: Jornal | E15: =E12 -> 47165 | F15: =C15*E15 -> 188660 | G15: =#REF!/#REF!*100 -> #REF! | H15: =F15/F34 -> 0.036864157 | K15: 5
B16: FERTILIZACION | C16: 2 | D16: Jornal | E16: =E12 -> 47165 | F16: =C16*E16 -> 94330 | G16: =#REF!/#REF!*100 -> #REF! | H16: =F16/F34 -> 0.018432078 | K16: 2
B17: SIEMBRA | C17: 8 | D17: Jornal | E17: =E12 -> 47165 | F17: =C17*E17 -> 377320 | G17: =#REF!/#REF!*100 -> #REF! | H17: =F17/F34 -> 0.073728313 | K17: 6
B18: RESIEMBRA | C18: 2 | D18: Jornal | E18: =E12 -> 47165 | F18: =C18*E18 -> 94330 | G18: =#REF!/#REF!*100 -> #REF! | H18: =F18/F34 -> 0.018432078 | K18: 2
B19: TRANSPORTE (menor) | C19: 4 | D19: Jornal | E19: =E12 -> 47165 | F19: =C19*E19 -> 188660 | G19: =#REF!/#REF!*100 -> #REF! | H19: =F19/F34 -> 0.036864157 | K19: 3
B20: CONTROL FITOSANITARIO Y DE ARVENSES | C20: 2 | D20: Jornal | E20: =E12 -> 47165 | F20: =C20*E20 -> 94330 | G20: =#REF!/#REF!*100 -> #REF! | H20: =F20/F34 -> 0.018432078 | K20: 3
B21: SUBTOTAL MO | C21: =SUM(C12:C20) -> 38 | D21: Jornal | F21: =SUM(F12:F20) -> 1792270 | G21: =#REF!/#REF!*100 -> #REF! | H21: =F21/F34 -> 0.35020949 | K21: 6 | L21: LIMPIA
B22: 1.2 INSUMOS | G22: =#REF!/#REF!*100 -> #REF!
B23: PLANTULAS (incluye 10% pérdidas) | C23: 880 | D23: PLANTULA | E23: 2500 | F23: =C23*E23 -> 2200000 | G23: =#REF!/#REF!*100 -> #REF! | H23: =F23/F34 -> 0.42987991 | K23: =SUM(K12:K22) -> 42 | L23: TOTAL
B24: FERTILIZANTE COMPUESTO (50 GR /Plantula) | C24: =C23*50/1000 -> 44 | D24: KGR | E24: 1600 | F24: =C24*E24 -> 70400 | G24: =#REF!/#REF!*100 -> #REF! | H24: =F24/F34 -> 0.013756157 | I24: 50 grs por planta | N24: 150
B25: CONTROLADOR ORGANICO DE PLAGAS | C25: 2 | D25: KGR | E25: 51200 | F25: =C25*E25 -> 102400 | H25: =F25/F34 -> 0.020008956
B26: CONTROLADOR DE ARVENSES | C26: 2 | D26: LTS | E26: 16700 | F26: =C26*E26 -> 33400 | H26: =F26/F34 -> 0.0065263587
B27: CAL DOLOMITA | C27: =300*C23/1000 -> 264 | D27: KGR | E27: 314 | F27: =C27*E27 -> 82896 | G27: =#REF!/#REF!*100 -> #REF! | H27: =F27/F34 -> 0.016197875 | I27: 300 grs por planta
B28: SUBTOTAL INSUMOS | F28: =SUM(F23:F27) -> 2489096 | G28: =#REF!/#REF!*100 -> #REF! | H28: =F28/F34 -> 0.48636926 | K28: =2.5*2.5 -> 6.25
B29: SUBTOTAL DIRECTOS | F29: =F21+F28 -> 4281366 | H29: =F29/F34 -> 0.83657875 | K29: =K28*20 -> 125
B30: 2. COSTOS INDIRECTOS | G30: =#REF!/#REF!*100 -> #REF! | K30: =K29*40 -> 5000
B31: HERRAMIENTAS (5% MO) | F31: =F21*0.05 -> 89613.5 | G31: =#REF!/#REF!*100 -> #REF! | H31: =F31/F34 -> 0.017510474
B32: TRANSPORTE INSUMOS (30%COSTO INSUMOS) | F32: =F28*0.3 -> 746728.8 | G32: =#REF!/#REF!*100 -> #REF! | H32: =F32/F34 -> 0.14591078
B33: SUBTOTAL INDIRECTOS | F33: =SUM(F31:F32) -> 836342.3 | G33: =#REF!/#REF!*100 -> #REF! | H33: =F33/F34 -> 0.16342125
B34: COSTO TOTAL ESTABLECIMIENTO | F34: =F29+F33 -> 5117708.3 | H34: =H29+H33 -> 1
F35: 0
C36: VR UNITARIO POR HA | F36: =SUM(F34:F35) -> 5117708.3
F37: =F36*1.13 -> 5783010.4 | H37: Con Admon e imprevistos
H38: 0.13
D39: ARBOL
D40: =F36/C23 -> 5815.5776
B41: OBSERVACIÓN: - Esta estrategia se recomienda para trabajos de Restauracion de Paramos. - Se estableceran 800 árboles en 40 bloques de 20 árboles cada uno; a una distancia de 2,5 X 2,5 mts. Con este diseño espacial se permite la regeneración natural en el 50% del área de cada hectarea intervenida, buscando la conectividad. - Los árboles a siembrar tendrán una altura de minimo 25 cms. Bien lignificados. La bolsa de siembra recomendada es de minimo 1 kilo. Plántulas vigorosas y sin problemas fitosanitarios. - El valor del transporte incluye: el transporte en vehículo automotor hasta 25 km de distancia del centro poblado, incluye el transporte No automotor y al hombro fuerte pendiente hasta una distancia de 5 kms de la carretera.

Sheet COSTOS agroforest caucho
B1: CORPORACIÓN AUTONOMA REGIONAL DE CALDAS-CORPOCALDAS
B3: ESTABLECIMIENTO AGROFORESTERIA CON CAUCHO
B4: COSTO POR HECTAREA
B5: Densidad de siembra 555 árboles/ha (6X3 METROS)
B6: Pesos 2019
B7: DETALLE | C7: CANT/Ha | D7: UNIDAD | E7: VALOR/UNIT | F7: TOTAL/Ha | G7: % | H7: %
B8: 1. COSTOS DIRECTOS
B9: 1.1 MANO DE OBRA | J9: Cantidad jornales anteriores
B11: TRAZO Y ROCERIA | C11: 2 | D11: Jornal | E11: ='Mano de Obra (JORNAL)'!E32 -> 47165 | F11: =C11*E11 -> 94330 | G11: =#REF!/#REF!*100 -> #REF! | H11: =F11/F34 -> 0.017486355 | J11: 3
B12: AHOYADO | C12: 5 | D12: Jornal | E12: =E11 -> 47165 | F12: =C12*E12 -> 235825 | G12: =#REF!/#REF!*100 -> #REF! | H12: =F12/F34 -> 0.043715887 | J12: 6
B13: PLATEO | C13: 3 | D13: Jornal | E13: =E11 -> 47165 | F13: =C13*E13 -> 141495 | G13: =#REF!/#REF!*100 -> #REF! | H13: =F13/F34 -> 0.026229532 | J13: 4
B14: FERTILIZACION | C14: 2 | D14: Jornal | E14: =E11 -> 47165 | F14: =C14*E14 -> 94330 | G14: =#REF!/#REF!*100 -> #REF! | H14: =F14/F34 -> 0.017486355 | J14: 2
B15: SIEMBRA | C15: 6 | D15: Jornal | E15: =E11 -> 47165 | F15: =C15*E15 -> 282990 | G15: =#REF!/#REF!*100 -> #REF! | H15: =F15/F34 -> 0.052459064 | J15: 5
B16: RESIEMBRA | C16: 1 | D16: Jornal | E16: =E11 -> 47165 | F16: =C16*E16 -> 47165 | G16: =#REF!/#REF!*100 -> #REF! | H16: =F16/F34 -> 0.0087431773 | J16: 2
B17: TRANSPORT PLANTULAS (menor) | C17: 4 | D17: Jornal | E17: =E11 -> 47165 | F17: =C17*E17 -> 188660 | G17: =#REF!/#REF!*100 -> #REF! | H17: =F17/F34 -> 0.034972709 | J17: 4
B18: CONTROL FITOSANITARIO | C18: 1 | D18: Jornal | E18: =E11 -> 47165 | F18: =C18*E18 -> 47165 | G18: =#REF!/#REF!*100 -> #REF! | H18: =F18/F34 -> 0.0087431773 | J18: 2
B19: UNA LIMPIA O PLATEO (Primer mantenimiento para fertilizar) | C19: 6 | D19: Jornal | E19: =E11 -> 47165 | F19: =C19*E19 -> 282990 | G19: =#REF!/#REF!*100 -> #REF! | H19: =F19/F34 -> 0.052459064 | J19: 6
B20: SUBTOTAL MO | C20: =SUM(C10:C19) -> 30 | F20: =SUM(F10:F19) -> 1414950 | G20: =#REF!/#REF!*100 -> #REF! | H20: =F20/F34 -> 0.26229532 | J20: =SUM(J9:J19) -> 34
B21: 1.2 INSUMOS | G21: =#REF!/#REF!*100 -> #REF!
B22: PLANTULAS (incluye 10% pérdidas) | C22: 610 | D22: Arbol/Caucho | E22: 4500 | F22: =C22*E22 -> 2745000 | G22: =#REF!/#REF!*100 -> #REF! | H22: =F22/F34 -> 0.50885236
B23: FERTILIZANTE Compuesto (45 a 60 dias de sembrados) | C23: =80*C22/1000 -> 48.8 | D23: KGR | E23: 1600 | F23: =C23*E23 -> 78080 | G23: =#REF!/#REF!*100 -> #REF! | H23: =F23/F34 -> 0.014474023
B24: CAL DOLOMITA | C24: =250*C22/1000 -> 152.5 | D24: KGR | E24: 314 | F24: =C24*E24 -> 47885 | G24: =#REF!/#REF!*100 -> #REF! | H24: =F24/F34 -> 0.0088766468 | O24: En Vivero | P24: Hasta el Pueblo
B25: CONTROLADOR ORGANICO DE PLAGAS | C25: 2 | D25: KGR | E25: 51200 | F25: =C25*E25 -> 102400 | H25: =F25/F32 -> 0.10526565 | J25: Cultivo | K25: Distancia Siembra | L25: PLANT/HA | M25: Dosis CAL Dolomita | N25: Dosis Fertilizante Compuesto | O25: Valor Arbol | P25: Con transporte
B26: CONTROLADOR DE ARVENSES | C26: 2 | D26: LTS | E26: 16700 | F26: =C26*E26 -> 33400 | H26: =F26/F34 -> 0.0061915005 | J26: Caucho | K26: 6x3 | L26: 555 | M26: 250 | N26: 80 | O26: 4000 | P26: 5000 | Q26: 3800 | R26: 4500
B27: SUBTOTAL INSUMOS | F27: =SUM(F22:F26) -> 3006765 | G27: =#REF!/#REF!*100 -> #REF! | H27: =F27/F34 -> 0.55737686 | J27: Aguacate | K27: 8x8 | L27: 157 | M27: 200 | N27: 50 | O27: 4000 | P27: 5000 | Q27: 6000 | R27: 7000
B28: SUBTOTAL DIRECTOS | F28: =F20+F27 -> 4421715 | H28: =F28/F34 -> 0.81967218 | J28: Cacao | K28: 3x3 | L28: 1110 | M28: 150 | N28: 30 | O28: 2500 | P28: 3500 | Q28: 3000
B29: 2. COSTOS INDIRECTOS | G29: =#REF!/#REF!*100 -> #REF!
B30: HERRAMIENTAS | C30: 0.05 | F30: =F20*C30 -> 70747.5 | G30: =#REF!/#REF!*100 -> #REF! | H30: =F30/F34 -> 0.013114766
B31: TRANSPORTE INSUMOS | C31: 0.3 | F31: =F27*C31 -> 902029.5 | H31: =F31/F34 -> 0.16721306
B32: SUBTOTAL INDIRECTOS | F32: =SUM(F30:F31) -> 972777 | G32: =#REF!/#REF!*100 -> #REF! | H32: =F32/F34 -> 0.18032782
B34: COSTO TOTAL ESTABLECIMIENTO Y PRIMER MANTENIMIENTO | F34: =F28+F32 -> 5394492 | H34: =H20+H27+H32 -> 1
F37: =F34/C22 -> 8843.4295 | H37: VALOR POR ARBOL
B39: OBSERVACIÓN: - Se establecerán 555 árboles en surcos cada 6 metros y a una distancia de 3 metros entre árbol. Se contempla el 10% de plantulas para resiembra por mortalidad. - Se debe utilizar Cal deshidratada (Dolomita) para la siembra (aplicar en el hoyo), a razón de 250 gramos por planta. - Despues de 45 a 60 días de la siembra se debe realizar una limpia o plateo para fertilizar la totalidad de los árboles. - Se debe utilizar un fertilizante simple como DAP, o compuesto rico en Fósforo, Azufre y Zinc, los cuales son escenciales en la primera etapa de crecimiento de la planta. La dosis recomendada es de 80 grs por planta. - El valor del transporte incluye: el transporte en vehículo automotor hasta 25 km de distancia del centro poblado, incluye el transporte No automotor y al hombro fuerte pendiente hasta una distancia de 5 kms de la carretera.

Sheet COSTOS agroforest cacao
B1: CORPORACIÓN AUTONOMA REGIONAL DE CALDAS-CORPOCALDAS
B3: ESTABLECIMIENTO AGROFORESTERIA CON CACAO
B4: COSTO POR HECTAREA
B5: Densidad de siembra 1110 árboles/ha (3X3 METROS)
B6: Pesos 2019
B7: DETALLE | C7: CANT/Ha | D7: UNIDAD | E7: VALOR/UNIT | F7: TOTAL/Ha | G7: % | H7: %
B8: 1. COSTOS DIRECTOS
B9: 1.1 MANO DE OBRA | J9: Cantidad jornales anteriores
B11: TRAZO Y ROCERIA | C11: 3 | D11: Jornal | E11: ='Mano de Obra (JORNAL)'!E32 -> 47165 | F11: =C11*E11 -> 141495 | G11: =#REF!/#REF!*100 -> #REF! | H11: =F11/F34 -> 0.018960843 | J11: 3
B12: AHOYADO | C12: 8 | D12: Jornal | E12: =E11 -> 47165 | F12: =C12*E12 -> 377320 | G12: =#REF!/#REF!*100 -> #REF! | H12: =F12/F34 -> 0.050562248 | J12: 6
B13: PLATEO | C13: 6 | D13: Jornal | E13: =E11 -> 47165 | F13: =C13*E13 -> 282990 | G13: =#REF!/#REF!*100 -> #REF! | H13: =F13/F34 -> 0.037921686 | J13: 4
B14: FERTILIZACION | C14: 3 | D14: Jornal | E14: =E11 -> 47165 | F14: =C14*E14 -> 141495 | G14: =#REF!/#REF!*100 -> #REF! | H14: =F14/F34 -> 0.018960843 | J14: 2
B15: SIEMBRA | C15: 10 | D15: Jornal | E15: =E11 -> 47165 | F15: =C15*E15 -> 471650 | G15: =#REF!/#REF!*100 -> #REF! | H15: =F15/F34 -> 0.06320281 | J15: 5
B16: RESIEMBRA | C16: 2 | D16: Jornal | E16: =E11 -> 47165 | F16: =C16*E16 -> 94330 | G16: =#REF!/#REF!*100 -> #REF! | H16: =F16/F34 -> 0.012640562 | J16: 2
B17: TRANSPORT PLANTULAS (menor) | C17: 5 | D17: Jornal | E17: =E11 -> 47165 | F17: =C17*E17 -> 235825 | G17: =#REF!/#REF!*100 -> #REF! | H17: =F17/F34 -> 0.031601405 | J17: 4
B18: CONTROL FITOSANITARIO | C18: 2 | D18: Jornal | E18: =E11 -> 47165 | F18: =C18*E18 -> 94330 | G18: =#REF!/#REF!*100 -> #REF! | H18: =F18/F34 -> 0.012640562 | J18: 2
B19: UNA LIMPIA O PLATEO (Primer mantenimiento para fertilizar) | C19: 9 | D19: Jornal | E19: =E11 -> 47165 | F19: =C19*E19 -> 424485 | G19: =#REF!/#REF!*100 -> #REF! | H19: =F19/F34 -> 0.056882529 | J19: 6
B20: SUBTOTAL MO | C20: =SUM(C10:C19) -> 48 | F20: =SUM(F10:F19) -> 2263920 | G20: =#REF!/#REF!*100 -> #REF! | H20: =F20/F34 -> 0.30337349 | J20: =SUM(J9:J19) -> 34
B21: 1.2 INSUMOS | G21: =#REF!/#REF!*100 -> #REF!
B22: PLANTULAS (incluye 10% pérdidas) | C22: 1220 | D22: Arbol/Cacao | E22: 3000 | F22: =C22*E22 -> 3660000 | G22: =#REF!/#REF!*100 -> #REF! | H22: =F22/F34 -> 0.49045327
B23: FERTILIZANTE Compuesto (45 a 60 dias de sembrados) | C23: =C22*30/1000 -> 36.6 | D23: KGR | E23: 1600 | F23: =C23*E23 -> 58560 | G23: =#REF!/#REF!*100 -> #REF! | H23: =F23/F34 -> 0.0078472524
B24: CAL DOLOMITA | C24: =150*C22/1000 -> 183 | D24: KGR | E24: 314 | F24: =C24*E24 -> 57462 | G24: =#REF!/#REF!*100 -> #REF! | H24: =F24/F34 -> 0.0077001164 | O24: En Vivero | P24: Hasta el Pueblo
B25: CONTROLADOR ORGANICO DE PLAGAS | C25: 2 | D25: KGR | E25: 51200 | F25: =C25*E25 -> 102400 | H25: =F25/F32 -> 0.079580796 | J25: Cultivo | K25: Distancia Siembra | L25: PLANT/HA | M25: Dosis CAL Dolomita | N25: Dosis Fertilizante Compuesto | O25: Valor Arbol | P25: Con transporte
B26: CONTROLADOR DE ARVENSES | C26: 2 | D26: LTS | E26: 16700 | F26: =C26*E26 -> 33400 | H26: =F26/F34 -> 0.0044757211 | J26: Caucho | K26: 6x3 | L26: 555 | M26: 250 | N26: 80 | O26: 4000 | P26: 5000
B27: SUBTOTAL INSUMOS | F27: =SUM(F22:F26) -> 3911822 | G27: =#REF!/#REF!*100 -> #REF! | H27: =F27/F34 -> 0.52419833 | J27: Aguacate | K27: 8x8 | L27: 157 | M27: 200 | N27: 50 | O27: 4000 | P27: 5000
B28: SUBTOTAL DIRECTOS | F28: =F20+F27 -> 6175742 | H28: =F28/F34 -> 0.82757183 | J28: Cacao | K28: 3x3 | L28: 1110 | M28: 150 | N28: 30 | O28: 2500 | P28: 3500
B29: 2. COSTOS INDIRECTOS | G29: =#REF!/#REF!*100 -> #REF!
B30: HERRAMIENTAS | C30: 0.05 | F30: =F20*C30 -> 113196 | G30: =#REF!/#REF!*100 -> #REF! | H30: =F30/F34 -> 0.015168675
B31: TRANSPORTE INSUMOS | C31: 0.3 | F31: =F27*C31 -> 1173546.6 | H31: =F31/F34 -> 0.1572595
B32: SUBTOTAL INDIRECTOS | F32: =SUM(F30:F31) -> 1286742.6 | G32: =#REF!/#REF!*100 -> #REF! | H32: =F32/F34 -> 0.17242817
B34: COSTO TOTAL ESTABLECIMIENTO Y PRIMER MANTENIMIENTO | F34: =F28+F32 -> 7462484.6 | H34: =H20+H27+H32 -> 1
K35: Con AIU del 13%
K36: =F36*1.13 -> 0
F37: =F34/C22 -> 6116.7907 | H37: VALOR POR ARBOL | J37: Con Admon e imprevistos
J38: 0.13
F39: =F34*1.13 -> 8432607.6
B40: OBSERVACIÓN: - Se establecerán 1110 árboles a una distancia de 3X3 metros entre árboles. Se contempla el 10% de plantulas para resiembra por mortalidad. - Se debe utilizar Cal deshidratada (Dolomita) para la siembra (aplicar en el hoyo), a razón de 150 gramos por planta. - Despues de 45 a 60 días de la siembra se debe realizar una limpia o plateo para fertilizar la totalidad de los árboles. - Se debe utilizar un fertilizante simple como DAP, o compuesto rico en Fósforo, Azufre y Zinc, los cuales son escenciales en la primera etapa de crecimiento de la planta. La dosis recomendada es de 30 grs por planta. - El valor del transporte incluye: el transporte en vehículo automotor hasta 25 km de distancia del centro poblado, incluye el transporte No automotor y al hombro fuerte pendiente hasta una distancia de 5 kms de la carretera.

Sheet COSTOSaisla Rollisa o 3 caras
A2: CORPORACIÓN AUTONOMA REGIONAL DE CALDAS-CORPOCALDAS
A3: AISLAMIENTO CERCA INERTE
A4: 2019
A5: BASE DE CALCULO 1.000 METROS
A7: COSTO CERCA INERTE MADERA TRES CARAS O ROLLISA
A8: DETALLE | B8: CANT/Ha | C8: UNIDAD | D8: VALOR/UNIT | E8: VALOR/PARCIAL | F8: %
A9: 1. MANO DE OBRA
A10: TRAZO Y ROCERIA | B10: 3 | C10: SMLV | D10: ='Mano de Obra (JORNAL)'!E32 -> 47165 | E10: =ROUND(B10*D10,0) -> 141495 | F10: =E10/E32 -> 0.017820687 | G10: 1
A11: AHOYADO | B11: 10 | C11: SMLV | D11: =D10 -> 47165 | E11: =ROUND(B11*D11,0) -> 471650 | F11: =E11/E32 -> 0.059402289 | G11: 10
A12: HINCADO | B12: 6 | C12: SMLV | D12: =D11 -> 47165 | E12: =ROUND(B12*D12,0) -> 282990 | F12: =E12/E32 -> 0.035641373 | G12: 4
A13: TEMPLADO Y GRAPADO | B13: 7 | C13: SMLV | D13: =D12 -> 47165 | E13: =ROUND(B13*D13,0) -> 330155 | F13: =E13/E32 -> 0.041581602 | G13: 4
A14: TRANSPORTE (menor) | B14: 4 | C14: SMLV | D14: =D13 -> 47165 | E14: =ROUND(B14*D14,0) -> 188660 | F14: =E14/E32 -> 0.023760916 | G14: 3
A15: PINTADA | B15: 5 | C15: SMLV | D15: =D14 -> 47165 | E15: =ROUND(B15*D15,0) -> 235825 | F15: =E15/E32 -> 0.029701144 | G15: 3
A16: Subtotal mano de obra | B16: =SUM(B10:B15) -> 35 | E16: =SUM(E10:E15) -> 1650775 | F16: =E16/E32 -> 0.20790801 | G16: =SUM(G10:G15) -> 25
A18: TOTAL MANO DE OBRA | E18: =E16+E17 -> 1650775 | F18: =E18/E32 -> 0.20790801
A19: 1.2 INSUMOS
A20: POSTES DE MADERA | B20: 433 | C20: POSTE | D20: 6500 | E20: =ROUND(B20*D20,0) -> 2814500 | F20: =E20/E32 -> 0.35447417
A21: ALAMBRE CALIBRE 14 | B21: 10 | C21: ROLLO | D21: 134961 | E21: =ROUND(B21*D21,0) -> 1349610 | F21: =E21/E32 -> 0.16997757 | H21: 16 ROLLOS | I21: 8 GALONES | J21: Dato suministrado
A22: PINTURA AMARILLA ESMALTE | B22: 6 | C22: GALON | D22: 68029 | E22: =ROUND(B22*D22,0) -> 408174 | F22: =E22/E32 -> 0.05140776 | G22: 3
A23: IMPERMEABILIZANTE(TIPO VARETA) | B23: 3 | C23: GALON | D23: 32917 | E23: =ROUND(B23*D23,0) -> 98751 | F23: =E23/E32 -> 0.012437264 | H23: PLACO
A24: DISOLVENTE PARA PINTURA E IMPERMEABILIZANTE | B24: 3 | C24: GALON | D24: 9000 | E24: =ROUND(B24*D24,0) -> 27000 | F24: =E24/E32 -> 0.0034005339 | H24: 2 GALONES | I24: Para pintura
A25: GRAPAS | B25: 7 | C25: KILO | D25: 9405 | E25: =ROUND(B25*D25,0) -> 65835 | F25: =E25/E32 -> 0.0082916351 | H25: 1 GALON | I25: Para Vareta
A26: PUNTILLAS DE 3 pulgadas | B26: 2 | C26: KILO | D26: 5225 | E26: =ROUND(B26*D26,0) -> 10450 | F26: =E26/E32 -> 0.0013161326 | G26: 1
A27: Subtotal insumos | E27: =SUM(E20:E26) -> 4774320 | F27: =SUM(F20:F26) -> 0.60130507
A28: 2 Costos Indirectos
A29: HERRAMIENTAS (5% MO) | B29: 0.05 | E29: =E16*B29 -> 82538.75 | F29: =E29/E32 -> 0.010395401 | H29: =4500*1.055 -> 4747.5
A30: TRANSPORTE INSUMOS | B30: 0.3 | E30: =E27*B30 -> 1432296 | F30: =E30/E32 -> 0.18039152
A31: Subtotal Costos Indirectos | E31: =SUM(E29:E30) -> 1514834.8 | F31: =SUM(F29:F30) -> 0.19078692
A32: TOTAL COSTOS | E32: =E18+E31+E27 -> 7939929.8 | F32: =F18+F27+F31 -> 1
E34: =E32/1000 -> 7939.9298 | F34: Metro lineal
E37: =E32*1.13 -> 8972120.6 | F37: Con Admon e imprevistos
F38: 0.13
A39: Observaciones - Los postes deben ser tres caras o de madera rollisa provenientes de plantaciones forestales y que cuenten con permiso de aprovechamiento forestal.(Entresacas o aprovechamientos totales). - Igualmente si provienen de residuos de aprovechamientos de bosque natural, deben contar con el permiso de aprovechamiento de la autoridad ambiental. - El valor del transporte incluye: el transporte en vehículo automotor hasta 25 km de distancia del centro poblado, incluye el transporte No automotor y al hombro fuerte pendiente hasta una distancia de 5 kms de la carretera.
A42: ESPECIFICACIONES TECNICAS
A43: ESPECIFICACION | B43: UNIDAD | C43: CANTIDAD
A44: Postes cada 2.5 mts | B44: poste | C44: 400
A45: Pies de amigo cada 30 metros | B45: poste | C45: 33
A46: tres hilos de alambre calibre 14* | B46: rollo | C46: 10
A47: Hoyos de 0.5 m de profundidad por 0,4O x 0.4O m | B47: hoyos | C47: 433
A48: * Rollo de alambre de 350 metros

Sheet CERCA VIVA E INERTE
A2: CORPORACIÓN AUTONOMA REGIONAL DE CALDAS-CORPOCALDAS
A3: CERCA VIVA E INERTE
A4: AÑO 2019
A5: BASE DE CALCULO 1.000 METROS
A8: 1. COSTO CERCA VIVA E INERTE CON POSTES CUATRO CARAS
A10: DETALLE | B10: CANTIDAD | C10: UNIDAD | D10: V/R UNITARIO | E10: TOTAL
A11: COSTO ESTABLECIMIENTO KILOMETRO | B11: 440 | C11: Árbol | D11: ='CERCA VIVA Estacas'!E31 -> 5588.2932 | E11: =B11*D11 -> 2458849
A12: VALOR CERCA INERTE POSTES CUATRO CARAS | B12: 1 | C12: Km | D12: ='COSTOSaisla Madera 4 caras'!E32 -> 11793348 | E12: =B12*D12 -> 11793348
A13: VALOR CERCA VIVA+ INERTE km | C13: Km | E13: =SUM(E11:E12) -> 14252197
A14: VALOR CERCA VIVA+ INERTE ml | C14: ml | E14: =+ROUND(E13/1000,0) -> 14252
A18: 2. COSTO CERCA VIVA E INERTE CON POSTES TRES CARAS O MADERA ROLLISA
A20: DETALLE | B20: CANTIDAD | C20: UNIDAD | D20: V/R UNITARIO | E20: TOTAL
A21: COSTO ESTABLECIMIENTO KILOMETRO | B21: 440 | C21: Árbol | D21: =D11 -> 5588.2932 | E21: =B21*D21 -> 2458849
A22: VALOR CERCA INERTE POSTES TRES CARAS O MADERA ROLLISA | B22: 1 | C22: Km | D22: ='COSTOSaisla Rollisa o 3 caras'!E32 -> 7939929.8 | E22: =B22*D22 -> 7939929.8
A23: VALOR CERCA VIVA+ INERTE km | C23: Km | E23: =SUM(E21:E22) -> 10398779
A24: VALOR CERCA VIVA+ INERTE ml | C24: ml | E24: =+ROUND(E23/1000,0) -> 10399
A28: 3. COSTO CERCA VIVA E INERTE CON POSTES DE GUADUA
A30: DETALLE | B30: CANTIDAD | C30: UNIDAD | D30: V/R UNITARIO | E30: TOTAL
A31: COSTO ESTABLECIMIENTO KILOMETRO | B31: 440 | C31: Árbol | D31: =D11 -> 5588.2932 | E31: =B31*D31 -> 2458849
A32: VALOR CERCA INERTE EN GUADUA | B32: 1 | C32: Km | D32: ='COSTOS aisla Guadua'!E30 -> 6522003 | E32: =B32*D32 -> 6522003
A33: VALOR CERCA VIVA+ INERTE km | C33: Km | E33: =SUM(E31:E32) -> 8980852
A34: VALOR CERCA VIVA+ INERTE ml | C34: ml | E34: =+ROUND(E33/1000,0) -> 8981
A38: OBSERVACIÓN: - Las cercas vivas se establecerán con estacas vivas. - Las estacas a sembrar tendrán una altura de 1,20 metros con diametro del tallo de mínimo 5 cm de grosor. Se deben clavar de 30 a 40 cms de profundidad. - Se establecerá una estaca entre cada dos horcones hasta completar 400 estacas por kilometro. - El Costo comprende la resiembra del 10% de las estacas por la mortalidad que se presente. - Ver otras condiciones en el Item CERCA VIVA y en el Item del tipo de estacones a utilizar. - El valor del transporte incluye: el transporte en vehículo automotor hasta 25 km de distancia del centro poblado, incluye el transporte No automotor y al hombro fuerte pendiente hasta una distancia de 5 kms de la carretera.

Sheet MTO CERCA VARIOS ESTACONES
B3: MINISTERIO DEL AMBIENTE VIVIENDA Y DESARROLLO TERRITORIAL | K3: MINISTERIO DEL AMBIENTE VIVIENDA Y DESARROLLO TERRITORIAL
B4: MANTENIMIENTO DE CERCA INERTE GUADUA | K4: MANTENIMIENTO DE CERCA INERTE TRES CARAS
B6: BASE DE CALCULO 1000 METROS | K6: BASE DE CALCULO 1000 METROS
C7: AÑO 2019 | L7: AÑO 2019
B9: 1. COSTO MANTENIMIENTO CERCA INERTE GUADUA: | K9: 2. COSTO MANTENIMIENTO CERCA INERTE MADERA TRES CARAS O ROLLISA:
B10: DETALLE | C10: CANT/Ha | D10: UNIDAD | E10: VALOR/UNIT | F10: VALOR/PARCIAL | G10: % | I10: Cant Jornales anteriores | K10: DETALLE | L10: CANT/Ha | M10: UNIDAD | N10: VALOR/UNIT | O10: VALOR/PARCIAL | P10: % | R10: Cant Jornales anteriores
B11: 1. MANO DE OBRA | K11: 1. MANO DE OBRA
B12: ROCERÍA | C12: 6 | D12: SMLV | E12: ='Mano de Obra (JORNAL)'!E32 -> 47165 | F12: =C12*E12 -> 282990 | G12: =F12/F34 -> 0.09042988 | I12: 0 | K12: ROCERIA | L12: 6 | M12: SMLV | N12: =E12 -> 47165 | O12: =L12*N12 -> 282990 | P12: =O12/O34 -> 0.07471588 | R12: 0
B13: AHOYADO | C13: 5 | D13: SMLV | E13: =E12 -> 47165 | F13: =C13*E13 -> 235825 | G13: =F13/F34 -> 0.075358233 | I13: 5 | K13: AHOYADO | L13: 5 | M13: SMLV | N13: =E13 -> 47165 | O13: =L13*N13 -> 235825 | P13: =O13/O34 -> 0.062263233 | R13: 5
B14: HINCADO | C14: 4 | D14: SMLV | E14: =E12 -> 47165 | F14: =C14*E14 -> 188660 | G14: =F14/F34 -> 0.060286587 | I14: 4 | K14: HINCADO | L14: 4 | M14: SMLV | N14: =E14 -> 47165 | O14: =L14*N14 -> 188660 | P14: =O14/O34 -> 0.049810587 | R14: 4
B15: FIJADO Y GRAPADO DE ALAMBRE | C15: 6 | D15: SMLV | E15: =E12 -> 47165 | F15: =C15*E15 -> 282990 | G15: =F15/F34 -> 0.09042988 | I15: 4 | K15: TEMPLADO Y GRAPADO | L15: 6 | M15: SMLV | N15: =E15 -> 47165 | O15: =L15*N15 -> 282990 | P15: =O15/O34 -> 0.07471588 | R15: 4
B16: TRANSPORTE (menor) | C16: 3 | D16: SMLV | E16: =E12 -> 47165 | F16: =C16*E16 -> 141495 | G16: =F16/F34 -> 0.04521494 | I16: 3 | K16: TRANSPORTE (menor) | L16: 3 | M16: SMLV | N16: =E16 -> 47165 | O16: =L16*N16 -> 141495 | P16: =O16/O34 -> 0.03735794 | R16: 3
B17: PINTADA | C17: 2 | D17: SMLV | E17: =E12 -> 47165 | F17: =C17*E17 -> 94330 | G17: =F17/F34 -> 0.030143293 | I17: 1 | K17: PINTADA | L17: 2 | M17: SMLV | N17: =E17 -> 47165 | O17: =L17*N17 -> 94330 | P17: =O17/O34 -> 0.024905293 | R17: 1
B18: Subtotal mano de obra | C18: =SUM(C12:C17) -> 26 | F18: =SUM(F12:F17) -> 1226290 | I18: =SUM(I12:I17) -> 17 | K18: Subtotal mano de obra | L18: =SUM(L12:L17) -> 26 | O18: =SUM(O12:O17) -> 1226290 | P18: =SUM(P12:P17) -> 0.32376881 | R18: =SUM(R12:R17) -> 17
B19: TOTAL MO | F19: =F18 -> 1226290 | G19: =SUM(G12:G18) -> 0.39186281 | K19: TOTAL MO | O19: =O18 -> 1226290
B20: 1.2 INSUMOS | K20: 1.2 INSUMOS
B21: POSTES | C21: 216 | D21: POSTE | E21: ='COSTOS aisla Guadua'!D18 -> 3800 | F21: =C21*E21 -> 820800 | G21: =F21/F34 -> 0.26228787 | K21: POSTES | L21: 216 | M21: POSTE | N21: ='COSTOSaisla Rollisa o 3 caras'!D20 -> 6500 | O21: =L21*N21 -> 1404000 | P21: =O21/O34 -> 0.37068835
B22: ALAMBRE | C22: 3 | D22: ROLLO | E22: ='COSTOS aisla Guadua'!D19 -> 140359 | F22: =C22*E22 -> 421077 | G22: =F22/F34 -> 0.13455579 | K22: ALAMBRE | L22: 3 | M22: ROLLO | N22: =E22 -> 140359 | O22: =L22*N22 -> 421077 | P22: =O22/O34 -> 0.11117403
B23: PINTURA AMARILLA | C23: 1 | D23: GALON | E23: ='COSTOS aisla Guadua'!D20 -> 70750 | F23: =C23*E23 -> 70750 | G23: =F23/F34 -> 0.022608269 | K23: PINTURA AMARILLA | L23: 1 | M23: GALON | N23: =E23 -> 70750 | O23: =L23*N23 -> 70750 | P23: =O23/O34 -> 0.01867963
B24: IMPERMEABILIZANTE(BARETA) | C24: 1.5 | D24: GALON | E24: ='COSTOS aisla Guadua'!D21 -> 34234 | F24: =C24*E24 -> 51351 | G24: =F24/F34 -> 0.016409289 | K24: IMPERMEABILIZANTE(BARETA) | L24: 1.5 | M24: GALON | N24: =E24 -> 34234 | O24: =L24*N24 -> 51351 | P24: =O24/O34 -> 0.013557847
B25: DISOLVENTE PARA PINTURA E IMPERMEABILIZANTE | C25: 2 | D25: GALON | E25: 9000 | F25: =C25*E25 -> 18000 | G25: =F25/F34 -> 0.0057519271 | K25: DISOLVENTE PARA PINTURA E IMPERMEABILIZANTE | L25: 2 | M25: GALON | N25: 9000 | O25: =L25*N25 -> 18000 | P25: =O25/O34 -> 0.0047524147
B26: GRAPAS | C26: 3 | D26: KILO | E26: ='COSTOS aisla Guadua'!D23 -> 9781 | F26: =C26*E26 -> 29343 | G26: =F26/F34 -> 0.0093765998 | K26: GRAPAS | L26: 3 | M26: KILO | N26: =E26 -> 9781 | O26: =L26*N26 -> 29343 | P26: =O26/O34 -> 0.007747228
B27: PUNTILLAS DE 3 PULGADAS | C27: 1 | D27: KILO | E27: ='COSTOS aisla Guadua'!D24 -> 5434 | F27: =C27*E27 -> 5434 | G27: =F27/F34 -> 0.0017364429 | K27: PUNTILLAS DE 3 PULGADAS | L27: 1 | M27: KILO | N27: =E27 -> 5434 | O27: =L27*N27 -> 5434 | P27: =O27/O34 -> 0.0014347012
B28: Subtotal insumos | F28: =SUM(F21:F27) -> 1416755 | G28: =SUM(G21:G27) -> 0.45272619 | K28: Subtotal insumos | O28: =SUM(O21:O27) -> 1999955 | P28: =SUM(P21:P27) -> 0.5280342
B29: COSTOS INDIRECTOS | K29: COSTOS INDIRECTOS
B30: HERRAMIENTAS | C30: 0.05 | F30: =F19*C30 -> 61314.5 | G30: =F30/F34 -> 0.019593141 | K30: HERRAMIENRAS | L30: 0.05 | O30: =O18*L30 -> 61314.5 | P30: =O30/O34 -> 0.016188441
B31: TRANSPORTE INSUMOS | C31: 0.3 | F31: =F28*C31 -> 425026.5 | G31: =F31/F34 -> 0.13581786 | K31: TRANSPORTE INSUMOS | L31: 0.3 | O31: =O28*0.25 -> 499988.75 | P31: =O31/O34 -> 0.13200855
B32: Subtotal indirectos | F32: =SUM(F30:F31) -> 486341 | G32: =SUM(G30:G31) -> 0.155411 | K32: Subtotal indirectos | O32: =SUM(O30:O31) -> 561303.25 | P32: =SUM(P30:P31) -> 0.14819699
B34: VALOR TOTAL MANTENIMIENTO CERCA INERTE GUADUA | F34: =F32+F28+F18 -> 3129386 | G34: =G32+G28+G19 -> 1 | K34: VALOR TOTAL MANTENIMIENTO CERCA INERTE TRES CARAS | O34: =O32+O28+O18 -> 3787548.2 | P34: =P18+P28+P32 -> 1
F36: =F34/1000 -> 3129.386 | G36: Metro lineal | O36: =O34/1000 -> 3787.5482 | P36: Metro lineal
F38: =F34*1.13 -> 3536206.2 | G38: Con Admon e imprevistos | I38: 0.13 | O38: =O34*1.13 -> 4279929.5 | P38: Con Admon e imprevistos
B39: Observaciones: Una vez realizada la visita de corroboracion de la necesidad del mantenimiento se hacen las siguientes actividades. - Los postes con que se realicen los mantenimientos deben contener las mismas especificaciones técnicas de los que se utilizan para aislamientos nuevos. Por tal razón deben contener permiso de aprovechamiento forestal de la autoridad competente. - El mantenimiento consiste en Hincar 200 estacones nuevos con 16 piés de amigo en un kilómetro lineal de cerca. Se deben instalar al lado de los horcones viejos y sobre ellos se debe realizar el templado del alambre. - Se debe renovar haste el 33% de la totalidad del alambre de pua, especialmente en los sitios mas críticos. - Se deben pintar de amarillo tanto los hilos de almbre renovado como la parte superior (20 cms aprox) de los estacones nuevos. - No se deben retirar alambres viejos ni los estacones deteriorados. Estos no se deben disponer ni a las fuentes hídricas ni a las zonas de actividad agropecuaria ubicados al lado de los aislamientos. - El valor del transporte incluye: el transporte en vehículo automotor hasta 25 km de distancia del centro poblado, incluye el transporte No automotor y al hombro fuerte pendiente hasta una distancia de 5 kms de la carretera. | P39: 0.13
K41: MINISTERIO DEL AMBIENTE VIVIENDA Y DESARROLLO TERRITORIAL
K42: MANTENIMIENTO DE CERCA INERTE CUATRO CARAS
K44: BASE DE CALCULO 1000 METROS
L45: AÑO 2019
K46: 3. COSTO MANTENIMIENTO CERCA INERTE CUATRO CARAS:
K47: DETALLE | L47: CANT/Ha | M47: UNIDAD | N47: VALOR/UNIT | O47: VALOR/PARCIAL | P47: % | R47: Cant Jornales anteriores
K48: 1. MANO DE OBRA
K49: ROCERIA | L49: 6 | M49: SMLV | N49: =N12 -> 47165 | O49: =L49*N49 -> 282990 | P49: =O49/O71 -> 0.048865501 | R49: 0
K50: AHOYADO | L50: 5 | M50: SMLV | N50: =N12 -> 47165 | O50: =L50*N50 -> 235825 | P50: =O50/O71 -> 0.040721251 | R50: 5
K51: HINCADO | L51: 4 | M51: SMLV | N51: =N50 -> 47165 | O51: =L51*N51 -> 188660 | P51: =O51/O71 -> 0.032577 | R51: 4
K52: TEMPLADO Y GRAPADO | L52: 6 | M52: SMLV | N52: =N51 -> 47165 | O52: =L52*N52 -> 282990 | P52: =O52/O71 -> 0.048865501 | R52: 4
K53: TRANSPORTE (menor) | L53: 3 | M53: SMLV | N53: =N52 -> 47165 | O53: =L53*N53 -> 141495 | P53: =O53/O71 -> 0.02443275 | R53: 3
K54: PINTADA | L54: 2 | M54: SMLV | N54: =N53 -> 47165 | O54: =L54*N54 -> 94330 | P54: =O54/O71 -> 0.0162885 | R54: 1
K55: Subtotal mano de obra | L55: =SUM(L49:L54) -> 26 | O55: =SUM(O49:O54) -> 1226290 | R55: =SUM(R49:R54) -> 17
K56: TOTAL MO | O56: =O55 -> 1226290 | P56: =SUM(P49:P55) -> 0.2117505
K57: 1.2 INSUMOS
K58: POSTES | L58: 216 | M58: POSTE | N58: 13000 | O58: =L58*N58 -> 2808000 | P58: =O58/O71 -> 0.48487341
K59: ALAMBRE | L59: 3 | M59: ROLLO | N59: =N22 -> 140359 | O59: =L59*N59 -> 421077 | P59: =O59/O71 -> 0.072709772
K60: PINTURA AMARILLA | L60: 1 | M60: GALON | N60: =N23 -> 70750 | O60: =L60*N60 -> 70750 | P60: =O60/O71 -> 0.012216807
K61: IMPERMEABILIZANTE(BARETA) | L61: 3 | M61: GALON | N61: =N24 -> 34234 | O61: =L61*N61 -> 102702 | P61: =O61/O71 -> 0.017734141
K62: DISOLVENTE PARA PINTURA E IMPERMEABILIZANTE | L62: 3 | M62: GALON | N62: 9000 | O62: =N62*L62 -> 27000 | P62: =O62/O71 -> 0.0046622443
K63: GRAPAS | L63: 3 | M63: KILO | N63: =N26 -> 9781 | O63: =L63*N63 -> 29343 | P63: =O63/O71 -> 0.0050668235
K64: PUNTILLAS DE 3 PULGADAS | L64: 1 | M64: KILO | N64: =N27 -> 5434 | O64: =L64*N64 -> 5434 | P64: =O64/O71 -> 0.00093831984
K65: Subtotal insumos | O65: =SUM(O58:O64) -> 3464306 | P65: =SUM(P58:P64) -> 0.59820152
K66: COSTOS INDIRECTOS
K67: HERRAMIENTAS | L67: 0.05 | O67: =O55*L67 -> 61314.5 | P67: =O67/O71 -> 0.010587525
K68: TRANSPORTE INSUMOS | L68: 0.3 | O68: =O65*L68 -> 1039291.8 | P68: =O68/O71 -> 0.17946046
K69: Subtotal INDIRECTOS | O69: =SUM(O67:O68) -> 1100606.3 | P69: =SUM(P67:P68) -> 0.19004798
K71: VALOR TOTAL MANTENIMIENTO CERCA INERTE CUATRO CARAS | O71: =O69+O65+O55 -> 5791202.3 | P71: =P56+P65+P69 -> 1
O73: =O71/1000 -> 5791.2023 | P73: Metro lineal
O76: =O71*1.13 -> 6544058.6 | P76: Con Admon e imprevistos
P77: 0.13

Sheet BIOINGENIERIA
B2: COSTO CONSTRUCCIÓN METRO CUADRADO DE TRINCHO 2019
B4: DESCRIPCIÓN | C4: CANTIDAD | D4: MEDIDA | E4: VALOR UNITARIO | F4: VALOR TOTAL
B5: Mano de obra establecimiento
B6: Mano de obra construcción y excavación | C6: 0.25 | D6: SMMLV | E6: ='Mano de Obra (JORNAL)'!E32 -> 47165 | F6: =ROUND(C6*E6,0) -> 11791
B7: Subtotal | F7: =F6 -> 11791
B8: Materiales
B9: GUADUA (10 cm diámetro x 2 m de largo) | C9: 5 | D9: unidad | E9: 3500 | F9: =C9*E9 -> 17500
B10: Alambre calibre 16 | C10: 0.3 | D10: Kg | E10: 5000 | F10: =ROUND(C10*E10,0) -> 1500
B11: Impermeabilizante (bareta) | C11: 0.05 | D11: galón | E11: 32917 | F11: =ROUND(C11*E11,0) -> 1646
B12: Subtotal | F12: =SUM(F9:F11) -> 20646
B13: Herramientas | C13: 0.05 | F13: =ROUND(F6*C13,0) -> 590
B14: Transporte materiales | C14: 0.3 | F14: =ROUND(F12*0.3,0) -> 6194
B15: Subtotal | F15: =SUM(F13:F14) -> 6784
B16: TOTAL | F16: =F15+F12+F7 -> 39221
F18: =F16 -> 39221 | G18: Metro cuadrado
B20: Especificaciones técnicas
B21: ITEM | C21: ESPECIFICACION | D21: UNIDAD | E21: Valor | F21: Observación
B22: Trinchos en guadua | C22: Los trinchos son en guadua. Las guaduas verticales deben medir 2 mts se entierran 1,50 mts, y deben ir separadas máximo 1 mt. Las horizontales deben ser preferiblemente 7, de las cuales 2 deben ir bajo tierra. | D22: M2 | E22: =F16 -> 39221 | F22: Los costos NO incluyen relleno de las estructuras con tierra suelta.
B23: Barreras vivas Vetiver | C23: Las plántulas se siembran a 6 plantulas por metro lineal. | D23: ML | E23: 12000 | F23: Los precios incluyen el suministro de las plántulas y la siembra

Sheet ESTUFA EFICIENTE TIPO HUELLA
B2: APU ESTUFAS ECOEFICIENTES 2019 | H2: Establecimieto Bosque Leñero
A4: Ítem | B4: Descripción Artículo | C4: UNID. | D4: Cantidad | E4: VR UNIT | F4: Vr total | H4: DETALLE | I4: CANT/Bosque | J4: UNIDAD | K4: VALOR/UNIT | L4: TOTAL/Parcela
B5: HERRAJES | H5: 1. COSTOS DIRECTOS
A6: 1 | B6: Planchas en hierro de fundición gris, con sus respectivos discos de graduación. Todos resistentes a altas temperaturas. | C6: Unidad | D6: 2 | E6: 50000 | F6: =D6*E6 -> 100000 | H6: Suministro Arbol | I6: 100 | J6: Arbol | K6: 1820 | L6: =I6*K6 -> 182000
A7: 2 | B7: Separador en fundición gris | C7: Unidad | D7: 1 | E7: 35000 | F7: =D7*E7 -> 35000 | H7: SUBTOTAL DIRECTOS | L7: =SUM(L6) -> 182000
A8: 3 | B8: Compuerta para leña en fundición gris | C8: Unidad | D8: 1 | E8: 35000 | F8: =D8*E8 -> 35000 | H8: 2. COSTOS INDIRECTOS
A9: 4 | B9: Parrilla para leña en fundición gris. | C9: Unidad | D9: 1 | E9: 35000 | F9: =D9*E9 -> 35000 | H9: TRANSPORTE (Hasta el predio) | I9: 100 | J9: Arbol | K9: 200 | L9: =K9*I9 -> 20000
A10: 5 | B10: Tanque con tapa en aluminio de fundición | C10: Unidad | D10: 1 | E10: 85000 | F10: =D10*E10 -> 85000 | H10: SUBTOTAL INDIRECTOS | L10: =SUM(L9:L9) -> 20000
A11: 6 | B11: Escuadra en ángulo de 1/8 x 1 ½ reforzada con un separador en tubo redondo de 7/8 | C11: Unidad | D11: 1 | E11: 53000 | F11: =D11*E11 -> 53000 | H11: COSTO TOTAL PARCELA | L11: =L10+L7 -> 202000
A12: 7 | B12: Horno en lamina col-rol calibre 18 con su respectiva bandeja interna y puerta reforzada con platina de 1/8 y manija en aluminio | C12: Unidad | D12: 1 | E12: 85000 | F12: =D12*E12 -> 85000 | H12: Valor arbol | L12: =L11/100 -> 2020
A13: 8 | B13: Compuerta de aireación con manija en aluminio, en lámina calibre 18 | C13: Unidad | D13: 1 | E13: 25000 | F13: =D13*E13 -> 25000 | H13: Observaciones: LA COMUNIDAD BENEFICIADA DEBE APORTAR EL ESTABLECIMIENTO DE LOS ÁRBOLES EN LA PARCELA DENDROENERGÉTICA.
A14: 9 | B14: Cilindro para chimenea, en lámina | C14: Unidad | D14: 1 | E14: 124000 | F14: =D14*E14 -> 124000 | K14: Total Parcela | L14: =L11 -> 202000
A15: 10 | B15: Gorro chino para chimenea, en hierro recubierto en fibra de vidrio | C15: Unidad | D15: 1 | E15: 65000 | F15: =D15*E15 -> 65000 | K15: Con A.I 13% | L15: =L14*1.13 -> 228260
A16: 11 | B16: Ceniceros en lámina calibre 18 con manija en aluminio | C16: Unidad | D16: 1 | E16: 47000 | F16: =D16*E16 -> 47000 | K16: Valor Arbol | L16: =L15/100 -> 2282.6
B17: Subtotal Herrajes | F17: =SUM(F6:F16) -> 689000
B18: MATERIALES
A19: 12 | B19: Ladrillo macizo tipo bocadillo o santa fe de 5cm x 10cm x 20 cm color pálido | C19: Unidad | D19: 70 | E19: 1300 | F19: =D19*E19 -> 91000
A20: 13 | B20: Ladrillo macizo de 10cm x 20cm x 40cm | C20: Unidad | D20: 10 | E20: 2300 | F20: =D20*E20 -> 23000
A21: 14 | B21: Ladrillo sencillo de 3 huecos de 10 cm x 20 cm x 40cm. | C21: Unidad | D21: 3 | E21: 1100 | F21: =D21*E21 -> 3300
A22: 15 | B22: Melaza | C22: kg | D22: 2 | E22: 1000 | F22: =D22*E22 -> 2000
A23: 16 | B23: Vitrificado | C23: Metro | D23: 0.5 | E23: 45000 | F23: =D23*E23 -> 22500
A24: 17 | B24: Cemento | C24: Bulto x 50 kg | D24: 2 | E24: 28000 | F24: =D24*E24 -> 56000
A25: 18 | B25: Arena | C25: Lata | D25: 12 | E25: 3000 | F25: =D25*E25 -> 36000
B26: Subtotal Materiales | F26: =SUM(F19:F25) -> 233800
B27: Total Materiales | F27: =F17+F26 -> 922800
B28: MANO DE OBRA
A29: 19 | B29: Oficial Experto Construcción Estufa. (Incluye Transporte Oficial) | C29: GLOBAL | D29: 1 | E29: 189000 | F29: =D29*E29 -> 189000
B30: Herramientas | C30: 0.05 | F30: =F29*0.05 -> 9450
A31: 21 | B31: Transporte de Materiales | C31: 0.3 | D31: 1 | F31: =F27*C31 -> 276840
B33: Total | F33: =F27+F29+F30+F31 -> 1398090
D36: Valor Estufa | F36: =F33 -> 1398090 | H36: Con Parcela incluido el AI del 13%
D37: Admon Imprevistos 13% | F37: =ROUND(F36*1.13,0) -> 1579842 | H37: =F37+L15 -> 1808102
B38: Observaciones: LA COMUNIDAD BENEFICIADA DEBE APORTAR LOS SIGUIENTES INSUMOS: - 14 LATAS DE LIMO (TIERRA AMARILLA). - 12 LATAS DE ARENA DE PEGA. - 1 AYUDANTE DE CONSTRUCCION DE MANO DE OBRA NO CALIFICADO, PARA APOYAR AL CONSTRUCTOR DE LA ESTUFA. - Alimentación del Oficial.
B48: DETALLE | C48: CANT/Bosque | D48: UNIDAD | E48: VALOR/UNIT | F48: TOTAL/Parcela
B49: 1. COSTOS DIRECTOS
B50: Sumiistro Arbol | C50: 100 | D50: Arbol | E50: 1730 | F50: =C50*E50 -> 173000
B51: SUBTOTAL DIRECTOS | F51: =SUM(F50) -> 173000
B52: 2. COSTOS INDIRECTOS
B53: TRANSPORTE (Hasta el predio) | C53: 100 | D53: Arbol | E53: 200 | F53: =E53*C53 -> 20000
B54: SUBTOTAL INDIRECTOS | F54: =SUM(F53:F53) -> 20000
B55: COSTO TOTAL PARCELA | F55: =F54+F51 -> 193000
E58: Total Parcela | F58: =F55 -> 193000
E60: Valor Arbol | F60: =F58/C50 -> 1930
B63: Observaciones: LA COMUNIDAD BENEFICIADA DEBE APORTAR WL ESTABLECIMIENTO DE LOS ÁRBOLES EN LA PARCELA DENDROENERGÉTICA.

Sheet SIEMBRA ARBOLES AGROFORESTALES
B3: CORPORACIÓN AUTONOMA REGIONAL DE CALDAS-CORPOCALDAS
B5: ESTABLECIMIENTO AGROFORESTERIA CON FRUTALES
B6: COSTO POR HECTAREA
B7: Densidad de siembra 238 árboles/ha (6X7 METROS)
B8: Pesos 2019
B9: DETALLE | C9: CANT/Ha | D9: UNIDAD | E9: VALOR/UNIT | F9: TOTAL/Ha | G9: % | H9: %
B10: 1. COSTOS DIRECTOS
B11: 1.1 MANO DE OBRA | J11: Cantidad jornales anteriores
B13: TRAZO Y ROCERIA | C13: 2 | D13: Jornal | E13: 41751 | F13: =C13*E13 -> 83502 | G13: 0.026546084 | H13: =F13/F36 -> 0.026546084 | J13: 3
B14: AHOYADO | C14: 3 | D14: Jornal | E14: =E13 -> 41751 | F14: =C14*E14 -> 125253 | G14: 0.039819126 | H14: =F14/F36 -> 0.039819126 | J14: 6
B15: PLATEO | C15: 2 | D15: Jornal | E15: =E13 -> 41751 | F15: =C15*E15 -> 83502 | G15: 0.026546084 | H15: =F15/F36 -> 0.026546084 | J15: 4
B16: FERTILIZACION | C16: 1 | D16: Jornal | E16: =E13 -> 41751 | F16: =C16*E16 -> 41751 | G16: 0.013273042 | H16: =F16/F36 -> 0.013273042 | J16: 2
B17: SIEMBRA | C17: 3 | D17: Jornal | E17: =E13 -> 41751 | F17: =C17*E17 -> 125253 | G17: 0.039819126 | H17: =F17/F36 -> 0.039819126 | J17: 5
B18: RESIEMBRA | C18: 1 | D18: Jornal | E18: =E13 -> 41751 | F18: =C18*E18 -> 41751 | G18: 0.013273042 | H18: =F18/F36 -> 0.013273042 | J18: 2
B19: TRANSPORTE PLANTULAS (menor) | C19: 3 | D19: Jornal | E19: =E13 -> 41751 | F19: =C19*E19 -> 125253 | G19: 0.039819126 | H19: =F19/F36 -> 0.039819126 | J19: 4
B20: CONTROL FITOSANITARIO | C20: 1 | D20: Jornal | E20: =E13 -> 41751 | F20: =C20*E20 -> 41751 | G20: 0.013273042 | H20: =F20/F36 -> 0.013273042 | J20: 2
B21: UNA LIMPIA O PLATEO (Primer mantenimiento para fertilizar) | C21: 4 | D21: Jornal | E21: =E13 -> 41751 | F21: =C21*E21 -> 167004 | G21: 0.053092168 | H21: =F21/F36 -> 0.053092168 | J21: 6
B22: SUBTOTAL MO | C22: =SUM(C12:C21) -> 20 | F22: =SUM(F12:F21) -> 835020 | G22: 0.26546084 | H22: =F22/F36 -> 0.26546084 | J22: =SUM(J11:J21) -> 34
B23: 1.2 INSUMOS
B24: PLANTULAS (incluye 10% pérdidas) | C24: =238+24 -> 262 | D24: Arbol/Frutal | E24: 6000 | F24: =C24*E24 -> 1572000 | G24: 0.49975383 | H24: =F24/F36 -> 0.49975383
B25: FERTILIZANTE Compuesto (45 a 60 dias de sembrados) | C25: =C24*50/1000 -> 13.1 | D25: KGR | E25: 1600 | F25: =C25*E25 -> 20960 | G25: 0.0066633844 | H25: =F25/F36 -> 0.0066633844
B26: CAL DOLOMITA | C26: =200*C24/1000 -> 52.4 | D26: KGR | E26: 314 | F26: =C26*E26 -> 16453.6 | G26: 0.0052307568 | H26: =F26/F36 -> 0.0052307568
B27: CONTROLADOR ORGANICO DE PLAGAS | C27: 2 | D27: KGR | E27: 51200 | F27: =C27*E27 -> 102400 | G27: 0.18113792 | H27: =F27/F34 -> 0.18113792 | J27: Cultivo | K27: Distancia Siembra | L27: PLANT/HA
B28: CONTROLADOR DE ARVENSES | C28: 2 | D28: LTS | E28: 16700 | F28: =C28*E28 -> 33400 | G28: 0.010618179 | H28: =F28/F36 -> 0.010618179 | J28: Caucho | K28: 6x3 | L28: =10000/(6*3) -> 555.55556
B29: SUBTOTAL INSUMOS | F29: =SUM(F24:F28) -> 1745213.6 | G29: 0.55482009 | H29: =F29/F36 -> 0.55482009 | J29: Aguacate | K29: 8x8 | L29: =10000/(8*8) -> 156.25
B30: SUBTOTAL DIRECTOS | F30: =F22+F29 -> 2580233.6 | G30: 0.82028093 | H30: =F30/F36 -> 0.82028093 | J30: Cacao | K30: 3x3 | L30: =10000/(3*3) -> 1111.1111
B31: 2. COSTOS INDIRECTOS
B32: HERRAMIENTAS | C32: 0.05 | F32: =F22*C32 -> 41751 | G32: 0.013273042 | H32: =F32/F36 -> 0.013273042
B33: TRANSPORTE INSUMOS | C33: 0.3 | F33: =F29*C33 -> 523564.08 | G33: 0.16644603 | H33: =F33/F36 -> 0.16644603
B34: SUBTOTAL INDIRECTOS | F34: =SUM(F32:F33) -> 565315.08 | G34: 0.17971907 | H34: =F34/F36 -> 0.17971907
B36: COSTO TOTAL ESTABLECIMIENTO Y PRIMER MANTENIMIENTO | F36: =F30+F34 -> 3145548.7 | G36: 1 | H36: =H22+H29+H34 -> 1
F39: =F36/C24 -> 12005.911 | H39: VALOR POR ARBOL
B42: OBSERVACIÓN: - Se establecerán 238 árboles por hectárea, a una distancia de 6 X 7 metros entre árboles. Se contempla el 10% de plantulas para resiembra por mortalidad. - Se debe utilizar Cal deshidratada (Dolomita) para la siembra (aplicar en el hoyo), a razón de 200 gramos por planta. - Despues de 45 a 60 días de la siembra se debe realizar una limpia o plateo para fertilizar la totalidad de los árboles. - Se debe utilizar un fertilizante compuesto, con elementos menores, los cuales son escenciales en la primera etapa de crecimiento de la planta. La dosis recomendada es de 50 grs por planta. - El valor del transporte incluye: el transporte en vehículo automotor hasta 25 km de distancia del centro poblado, incluye el transporte No automotor y al hombro fuerte pendiente hasta una distancia de 5 kms de la carretera.

Sheet GEOREFERENCIACIÓN_ACTIVIDADES
A4: GEOREFERENCIACIÓN TECNICO
A6: GRUPO DE BIODIVERSIDAD Y ECOSISTEMAS
C7: DOTACION LABORAL
A8: AÑOS | B8: 2019 | C8: Guantes | D8: 6800
A9: SMLMV: | B9: 1586023 | C9: Botas | D9: 18548
A10: SUBSIDIO TRANSPORTE | B10: 0 | C10: Gafas | D10: 3000 | H10: 737717
A11: DIAS LABORALES MES | B11: 30 | C11: Chalecos Visibilidad | D11: 100000
A12: HORAS LABORALES POR DIA | B12: 8 | C12: Cascos con barbuquejo | D12: 55000
A13: GPS | C13: Alquiler GPS mes | D13: 150000
C15: TOTAL | D15: =SUM(D8:D13) -> 333348
A17: ANALISIS DE PRESTACIONES SOCIALES PERSONAL CON SALARIO INFERIOR A 2 SMMV, VALIDO PARA OFICIALES Y AYUDANTES | C17: COSTO TRABAJADOR MENSUAL
A18: SALARIO | B18: 1 | C18: =B9 -> 1586023
A19: CESANTIAS | B19: 0.0833 | C19: =$C$18*B19 -> 132115.72
A20: VACACIONES | B20: 0.0417 | C20: =$C$18*B20 -> 66137.159
A21: PRIMA DE SERVICIOS | B21: 0.0833 | C21: =$C$18*B21 -> 132115.72
A22: INTERESES A LAS CESANTIAS | B22: 0.01 | C22: =$C$18*B22 -> 15860.23
A23: SUBSIDIO DE TRANSPORTE | B23: =B10/B9 -> 0 | C23: =$C$18*B23 -> 0
A24: APORTES SALUD | B24: 0.085 | C24: =$C$18*B24 -> 134811.96
A25: APORTES RIESGOS PROFESIONALES | B25: 0.0696 | C25: =$C$18*B25 -> 110387.2
A26: APORTES PENSION | B26: 0.12 | C26: =$C$18*B26 -> 190322.76
A27: APORTE SENA | B27: 0.02 | C27: =$C$18*B27 -> 31720.46
A28: APORTE ICBF | B28: 0.03 | C28: =$C$18*B28 -> 47580.69
A29: APORTE CCF | B29: 0.04 | C29: =$C$18*B29 -> 63440.92
A30: DOTACION DE LABOR | B30: =C30/C18 -> 0.052544635 | C30: =D15/4 -> 83337
A32: TOTAL PRESTACIONES SOCIALES | B32: =SUM(B18:B30) -> 1.6354446 | C32: =SUM(C18:D30) -> 2593852.8
A34: DESCRIPCION DE MANO DE OBRA
B35: UN | C35: VR DIA | D35: FACTOR | E35: VR DIA INTEGRAL
A36: TÉCNICO CON PRESTACIONES | B36: DIA | C36: =(B9/B11)*1 -> 52867.433 | D36: =$B$32 -> 1.6354446 | E36: =ROUND(C36*D36,0) -> 86462

Sheet Riesgos
B2: contrato de monto agotable
C3: Vr probabilidad
B4: alta (inminente) | C4: 0,99-0,75
B5: media alta (usual) | C5: 0,749-0,5
B6: media baja (inusual) | C6: 0,499-0,25 | I6: =+D13 -> #REF! | J6: =I6*0.4 -> #REF!
B7: baja (remota) | C7: 0,249-0,01 | J7: =I6*0.45 -> #REF!
D8: bajo | E8: medio bajo | F8: medio alto | G8: alto | J8: =I6*0.15 -> #REF!
D9: <0,05 | E9: 0,149-0,05 | F9: 0,299-0,15 | G9: >0,30
D10: 0 -30.000.000 | E10: 30,000,001 -90,000,000 | F10: 90,000,001 -180,000,000 | G10: 180.000.000 o mas
B13: PRESUPUESTO | D13: =#REF! -> #REF!
B14: Riesgos | F14: Estimación del riesgo | J14: Asignación | L14: VALORACIÓN ECONOMICA
F15: Probabilidad | G15: Impacto | H15: Valor en contrato | I15: Valor riesgo | J15: Corpocaldas | K15: EJECUTOR | L15: Valor riesgo CORPOCALDAS | M15: Valor riesgo EJECUTOR
B16: Económicos
B17: Incremento en el precio de los materiales | F17: medio bajo | G17: medio bajo | H17: =J6 -> #REF! | I17: =F18*G18*H17 -> #REF! | K17: x | M17: =I17 -> #REF!
F18: 0.25 | G18: 0.05
B19: Incremento del precio de la mano de obra | F19: bajo | G19: bajo | H19: =J7 -> #REF! | I19: =F20*G20*H19 -> #REF! | K19: x | M19: =I19 -> #REF!
F20: 0.15 | G20: 0.04 | H20: 229350000
B21: Incremento en el precio de alquiler o adquisición de equipos | F21: baja | G21: bajo | H21: =J8 -> #REF! | I21: =F22*G22*H21 -> #REF! | K21: x | M21: =I21 -> #REF!
F22: 0.15 | G22: 0.04 | H22: 46000000
B23: Incremento en los precios por la modalidad de contratación que seleccione el municipio, que puedan generar algún sobrecosto a los contratos derivados. | F23: medio bajo | G23: medio bajo | H23: =+D13 -> #REF! | I23: =F24*G24*H23 -> #REF! | K23: x | M23: =I23 -> #REF!
F24: 0.25 | G24: 0.05 | H24: 46000001
B25: Social Politico
B26: Orden público (retraso en la ejecución de la obra) que genera adición del plazo del contrato | F26: medio bajo | G26: medio bajo | H26: =I6 -> #REF! | I26: =F27*G27*H26 -> #REF! | K26: x | M26: =I26 -> #REF!
F27: 0.25 | G27: 0.05
B28: Operacionales
B29: Incremento en el precio de transporte | F29: baja | G29: bajo | H29: =J8 -> #REF! | I29: =F30*G30*H29 -> #REF! | K29: x | M29: =I29 -> #REF!
F30: 0.249 | G30: 0.04
B31: Disminución de los rendimientos de las obras por efecto de las lluvias u otro fenomeno de la naturaleza | F31: medio bajo | G31: medio bajo | H31: =J7 -> #REF! | I31: =F32*G32*H31 -> #REF! | K31: x | M31: =I31 -> #REF!
F32: 0.25 | G32: 0.05
B33: Financieros
B34: No se prevén
B36: Regulatorios
B37: Cambios en el régimen tributario | F37: baja | G37: bajo | H37: =I6 -> #REF! | I37: =F38*G38*H37 -> #REF! | K37: x | M37: =I37 -> #REF!
F38: 0.05 | G38: 0.02
B39: Naturaleza
B40: Pérdida de materiales por efecto de las lluvias u otro fenómeno de la naturaleza | F40: bajo | G40: bajo | H40: =J6 -> #REF! | I40: =F41*G41*H40 -> #REF! | K40: x | M40: =I40 -> #REF!
F41: 0.15 | G41: 0.04
B42: Ambientales
B43: No se prevén
B45: Tecnológicos
B46: No se prevén
B48: VALORACIÓN ECONÓMICA DEL RIESGO PROBABLE | L48: =ROUND(SUM(L23:L47),0) -> 0 | M48: =SUM(M17:M47) -> #REF!
B49: PORCENTAJE % | L49: =(L48*100)/D13 -> #REF! | M49: =(M48*100)/D13 -> #REF!
